 Dungeon Crawl Stone Soup version 0.30.1 (webtiles) character file.

Game seed: 11381838940357412716

1208741 Gabide the Archmage (level 27, -71/260 HPs)
             Began as a Demigod Conjurer on June 19, 2023.
             Killed from afar by an iron giant (79 damage)
             ... with an iron shot
             ... on level 5 of the Iron City of Dis on July 1, 2023.
             The game lasted 14:38:13 (193501 turns).

Gabide the Archmage (Demigod Conjurer)            Turns: 193501, Time: 14:38:16

Health: -71/260    AC: 43    Str: 23    XL:     27
Magic:  48/61      EV: 12    Int: 60    God:
Gold:   5762       SH: 22    Dex: 13    Spells: 24/80 levels left

rFire   + + .        a - staff of conjuration
rCold   + . .        u - +1 tower shield "Esaecauqen" {Str+4 Dex+3}
rNeg    + + +        O - +4 crystal plate armour {rC+}
rPois   .            t - +1 helmet of Quiet Fog {rF+}
rElec   .            H - +4 dragonskin cloak
rCorr   +            Z - +2 pair of gloves {Str+3}
SInv    .            L - +3 pair of boots of Lilacs {+Blink rN+++ rCorr Slay-3}
Will    ++++.        v - amulet of Vitality {RegenMP++ Regen++} Stlth
                     P - +6 ring of intelligence
HPRegen 2.23/turn    C - ring of protection from fire
MPRegen 1.17/turn

%: random rage (3%)
@: hasted, studying 5 skills, unable to read, corroded, very quick
A: high MP 1, forlorn, divine attributes, iridescent scales 1, berserk 1,
strong-willed 2, mutation resistance 1, strong 2, inability to read after injury
1
}: 12/15 runes: serpentine, barnacled, slimy, silver, icy, bone, abyssal,
demonic, glowing, magical, fiery, dark
a: Evoke Blink


You were on level 5 of the Iron City of Dis.
You visited 17 branches of the dungeon, and saw 77 of its levels.
You visited Pandemonium 2 times, and saw 23 of its levels.
You visited the Abyss 5 times.
You visited 1 bazaar.
You also visited: Ice Cave.

You collected 14034 gold pieces.
You spent 8272 gold pieces at shops.

Inventory:

Missiles
 D - 2 curare-tipped darts
 I - 2 throwing nets
Armour
 e - the +3 scale mail "Ceoxabb" {rF+++ MP-9 Int+2 Stlth+}
   (You found it on level 5 of the Pits of Slime)

   Int:       It affects your intelligence (+2).
   rF:        It renders you almost immune to fire.
   MP:        It affects your magic capacity (-9).
   Stlth:     It makes you more stealthy.
 o - the +1 pair of gloves "Wufawnuh" {rC- Regen+ rCorr Dex+4}
   (You acquired it on level 2 of the Depths)

   Dex:       It affects your dexterity (+4).
   rC:        It makes you vulnerable to cold.
   Regen:     It increases your rate of health regeneration.
   rCorr:     It protects you from acid and corrosion.
 r - a +1 helmet of see invisible
 s - a +5 kite shield of protection
 t - the +1 helmet of Quiet Fog (worn) {rF+}
   (You found it on level 5 of the Vaults)

   rF:        It protects you from fire.
 u - the +1 tower shield "Esaecauqen" (worn) {Str+4 Dex+3}
   (You took it off a daeva in Pandemonium)

   Str:       It affects your strength (+4).
   Dex:       It affects your dexterity (+3).
 y - the +1 pair of boots "Ezog" {rN+ Dex+3 Slay+2}
   (You found it in Pandemonium)

   Dex:       It affects your dexterity (+3).
   Slay:      It affects your accuracy & damage with ranged weapons and melee
   (+2).
   rN:        It protects you from negative energy.
 H - the +4 dragonskin cloak (worn)
   (You took it off Tiamat on level 2 of the Realm of Zot)

   Avatar's Aegis: It grants the wearer a chance to resist fire, cold, poison,
   electricity, acid, and negative energy.
 L - the +3 pair of boots of Lilacs (worn) {+Blink rN+++ rCorr Slay-3}
   (You found it on level 3 of the Snake Pit)

   Slay:      It affects your accuracy & damage with ranged weapons and melee
   (-3).
   rN:        It renders you almost immune to negative energy.
   +Blink:    It lets you blink.
   rCorr:     It protects you from acid and corrosion.
 M - the +1 robe of Vines {NoPotionHeal Regen++++}
   (You found it on level 5 of the Pits of Slime)

   NoPotionHeal: Its wearer cannot be healed by potions.
   Regen:     It increases your rate of health regeneration.
 O - a +4 crystal plate armour of cold resistance (worn)
 X - a +2 robe of the Archmagi
 Z - a +2 pair of gloves of strength (worn)
Magical Staves
 a - a staff of conjuration (weapon)
 A - the staff of earth "Doiluhi" {rElec rPois rC- Int+4}
   (You found it on level 7 of Tartarus)

   [staff of earth]

   Base accuracy: +5 Base damage: 5 Base attack delay: 1.2 This weapon's minimum
   attack delay (0.6) is reached at skill level 12.
   Int:       It affects your intelligence (+4).
   rC:        It makes you vulnerable to cold.
   rElec:     It insulates you from electricity.
   rPois:     It protects you from poison.
   It falls into the 'Staves' category.
   It is a one-handed weapon.
Jewellery
 k - the ring of the Harvest {Ice Will++ Int-2 Dex+8 Stlth-}
   (You took it off a deep elf elementalist on level 3 of the Elven Halls)

   [ring of ice]

   It enhances your ice magic.
   Int:       It affects your intelligence (-2).
   Dex:       It affects your dexterity (+8).
   rF:        It makes you vulnerable to fire.
   rC:        It protects you from cold.
   Will:      It greatly increases your willpower.
   Stlth:     It makes you less stealthy.
 l - the ring "Ismoeb" {Drain rPois Will+ SInv}
   (You took it off a deep elf annihilator on level 3 of the Elven Halls)

   [ring of willpower]

   rPois:     It protects you from poison.
   SInv:      It lets you see invisible.
   Drain:     It drains your maximum health when unequipped.
   Will:      It increases your willpower.
 v - the amulet of Vitality (around neck) {RegenMP++ Regen++}
   (You took it off a royal mummy on level 1 of the Tomb of the Ancients)

   [amulet of magic regeneration]

   It increases your rate of magic regeneration.
   Regen:     It increases your rate of health regeneration.
 z - the ring "Akegokhli" {Fly rPois Will+ rCorr Slay+5}
   (You took it off a vault guard on level 5 of the Vaults)

   [ring of resist corrosion]

   Slay:      It affects your accuracy & damage with ranged weapons and melee
   (+5).
   rPois:     It protects you from poison.
   Fly:       It grants you flight.
   rCorr:     It protects you from acid and corrosion.
   Will:      It increases your willpower.
 C - a ring of protection from fire (right hand)
 P - a +6 ring of intelligence (left hand)
 U - the ring "Irroff" {Ice +Blink Str+2 Int+5 Dex-4}
   (You took it off Josephina on level 1 of the Depths)

   [ring of ice]

   It enhances your ice magic.
   Str:       It affects your strength (+2).
   Int:       It affects your intelligence (+5).
   Dex:       It affects your dexterity (-4).
   rF:        It makes you vulnerable to fire.
   rC:        It protects you from cold.
   +Blink:    It lets you blink.
Wands
 j - a wand of paralysis (138)
 w - a wand of quicksilver (33)
 J - a wand of digging (24)
Scrolls
 b - 6 scrolls of magic mapping
 d - 5 scrolls of fog
 f - 22 scrolls of teleportation
 B - 3 scrolls of fear
 E - a scroll of butterflies
 G - 9 scrolls of immolation
 Q - 10 scrolls of vulnerability
 R - 8 scrolls of blinking
 T - 7 scrolls of silence
Potions
 g - 7 potions of brilliance
 h - 18 potions of lignification
 i - 17 potions of curing
 p - a potion of resistance
 q - 15 potions of might
 x - 5 potions of haste
 K - 7 potions of ambrosia
 N - 6 potions of invisibility
 V - 9 potions of heal wounds
 W - 5 potions of cancellation
 Y - a potion of magic
Miscellaneous
 c - a box of beasts
 m - the horn of Geryon
 n - a phial of floods
 F - a phantom mirror
 S - a lightning rod (4/4)


   Skills:
 + Level 23.9 Fighting
 - Level 1.0 Short Blades
 - Level 18.0 Staves
 - Level 21.0 Armour
 - Level 21.0 Dodging
 - Level 3.0 Stealth
 - Level 21.0 Shields
 - Level 1.0 Unarmed Combat
 O Level 27 Spellcasting
 O Level 27 Conjurations
 - Level 21.0 Evocations


You had 24 spell levels left.
You knew the following spells:

 Your Spells              Type           Power      Damage    Failure   Level
a - Magic Dart            Conj           100%       1d8       0%          1
b - Fulminant Prism       Conj/Hex       76%        3d31      1%          4
c - Stone Arrow           Conj/Erth      100%       3d13      1%          3
d - Hailstorm             Conj/Ice       100%       3d20      1%          3
e - Static Discharge      Conj/Air       100%       2-7/arc   0%          2
f - Iskenderun's Mystic   Conj/Tloc      100%       2d19      1%          4
g - Flame Wave            Conj/Fire      100%       2d21      1%          4
h - Sticky Flame          Conj/Fire      100%       2d11      1%          4
i - Orb of Destruction    Conj           92%        9d20      1%          7
j - Iron Shot             Conj/Erth      76%        9d14      1%          6
k - Blink                 Tloc           100%       N/A       3%          2
l - Vhi's Electric Charg  Tloc/Air       100%       N/A       6%          3
m - Lehudib's Crystal Sp  Conj/Erth      76%        10d17     45%         8
n - Irradiate             Conj/Tmut      76%        3d37      1%          5

Your spell library contained the following spells:

 Spells                   Type           Power      Damage    Failure   Level
 Kiss of Death            Conj/Necr      100%       2d13      0%          1
 Shock                    Conj/Air       100%       1d9       0%          1
 Momentum Strike          Conj/Tloc      100%       3d10      0%          2
 Searing Ray              Conj           100%       2d8       0%          2
 Apportation              Tloc           100%       N/A       1%          1
 Freeze                   Ice            100%       1d10      1%          1
 Necrotise                Necr           100%       1d9       1%          1
 Sandblast                Erth           100%       2d20      1%          1
 Slow                     Hex            100%       N/A       1%          1
 Summon Small Mammal      Summ           100%       N/A       1%          1
 Dazzling Flash           Conj/Hex       100%       N/A       1%          3
 Mephitic Cloud           Conj/Pois/Air  100%       N/A       1%          3
 Arcjolt                  Conj/Air       76%        1d86      1%          5
 Freezing Cloud           Conj/Ice/Air   68%        6-21      1%          5
 Call Imp                 Summ           100%       N/A       3%          2
 Cigotuvi's Dreadful Rot  Necr/Pois/Air  100%       N/A       3%          2
 Ensorcelled Hibernation  Hex/Ice        100%       N/A       3%          2
 Passwall                 Tmut/Erth      57%        N/A       3%          2
 Scorch                   Fire           100%       2d9       3%          2
 Sublimation of Blood     Necr           69%        N/A       3%          2
 Call Canine Familiar     Summ           69%        N/A       6%          3
 Confusing Touch          Hex            69%        N/A       6%          3
 Frozen Ramparts          Ice            100%       1d16      6%          3
 Gell's Gravitas          Tloc           69%        N/A       6%          3
 Ignite Poison            Fire/Tmut/Pois 69%        N/A       6%          3
 Inner Flame              Hex/Fire       69%        N/A       6%          3
 Spider Form              Tmut/Pois      69%        N/A       6%          3
 Summon Guardian Golem    Hex/Summ       69%        N/A       6%          3
 Swiftness                Air            69%        N/A       6%          3
 Teleport Other           Tloc           69%        N/A       6%          3
 Tukima's Dance           Hex            69%        N/A       6%          3
 Vampiric Draining        Necr           69%        2d10      6%          3
 Volatile Blastmotes      Fire/Tloc      100%       2d18      6%          3
 Spellforged Servitor     Conj/Summ      76%        N/A       7%          7
 Airstrike                Air            34%        2d(5-21)  21%         4
 Anguish                  Hex/Necr       34%        N/A       21%         4
 Animate Armour           Summ/Erth      100%       N/A       21%         4
 Animate Dead             Necr           69%        N/A       21%         4
 Cause Fear               Hex            34%        N/A       21%         4
 Dispel Undead            Necr           69%        3d23      21%         4
 Ice Form                 Ice/Tmut       69%        N/A       21%         4
 Leda's Liquefaction      Hex/Erth       34%        N/A       21%         4
 Manifold Assault         Tloc           69%        N/A       21%         4
 Olgreb's Toxic Radiance  Pois           69%        N/A       21%         4
 Passage of Golubria      Tloc           69%        N/A       21%         4
 Petrify                  Tmut/Erth      69%        N/A       21%         4
 Summon Ice Beast         Ice/Summ       69%        N/A       21%         4
 Summon Lightning Spire   Summ/Air       69%        N/A       21%         4
 Agony                    Necr           69%        N/A       50%         5
 Alistair's Intoxication  Tmut/Pois      46%        N/A       50%         5
 Blade Hands              Tmut           34%        N/A       50%         5
 Lee's Rapid Deconstruct  Erth           34%        3d17*     50%         5
 Metabolic Englaciation   Hex/Ice        34%        N/A       50%         5
 Silence                  Hex/Air        34%        N/A       50%         5
 Summon Forest            Summ/Tloc      34%        N/A       50%         5
 Summon Mana Viper        Hex/Summ       69%        N/A       50%         5
 Yara's Violent Unravell  Hex/Tmut       34%        3d14      50%         5
 Dispersal                Tloc           34%        N/A       97%         6
 Eringya's Noxious Bog    Tmut/Pois      34%        N/A       97%         6
 Plasma Beam              Fire/Air       34%        2x1d52    97%         6
 Simulacrum               Ice/Necr       34%        N/A       97%         6
 Statue Form              Tmut/Erth      46%        N/A       97%         6
 Summon Cactus Giant      Summ           34%        N/A       97%         6
 Dragon Form              Tmut           34%        N/A       100%        7
 Enfeeble                 Hex            34%        N/A       100%        7
 Haunt                    Necr/Summ      34%        N/A       100%        7
 Malign Gateway           Summ/Tloc      34%        N/A       100%        7
 Monstrous Menagerie      Summ           34%        N/A       100%        7
 Ozocubu's Refrigeration  Ice            34%        4d15      100%        7
 Storm Form               Tmut/Air       34%        N/A       100%        7
 Borgnjor's Revivificati  Necr           34%        N/A       100%        8
 Discord                  Hex            34%        N/A       100%        8
 Ignition                 Fire           34%        3d11      100%        8
 Infestation              Necr           34%        N/A       100%        8
 Maxwell's Capacitive Co  Air            34%        ∞         100%        8
 Necromutation            Tmut/Necr      34%        N/A       100%        8
 Summon Horrible Things   Summ           34%        N/A       100%        8
 Death's Door             Necr           34%        N/A       100%        9
 Dragon's Call            Summ           34%        N/A       100%        9
 Fire Storm               Conj/Fire      76%        8d19      100%        9
 Polar Vortex             Ice            34%        N/A       100%        9


Dungeon Overview and Level Annotations

Branches:
Dungeon (15/15)            Temple (1/1) D:4            Lair (5/5) D:10
 Shoals (4/4) Lair:3        Snake (4/4) Lair:2        Slime (5/5) Lair:5
    Orc (2/2) D:10            Elf (3/3) Orc:2        Vaults (5/5) D:13
  Crypt (3/3) Vaults:2       Tomb (1/3) Crypt:3      Depths (4/4) D:15
   Hell (visited)             Dis (5/7) Hell            Geh (0/7) Hell
    Coc (7/7) Hell            Tar (7/7) Hell            Zot (5/5) Depths:4
  IceCv (visited)

Shops:
D:4 !   D:7 *   Orc:1 [   Orc:2 ?(!*[   Shoals:2 =   Shoals:3 =   Snake:1 !
Snake:2 [   Vaults:1 ?   Vaults:2 (   Vaults:3 *   Depths:2 [   Depths:3 *[
Depths:4 [!

Portals:
Hell: Depths:1 Depths:2 Depths:3 Depths:4
Abyss: Vaults:2 Depths:2 Depths:3 Depths:4
Pandemonium: Depths:2
Ziggurat: Depths:3

Annotations:
Shoals:1 5 transporters
Shoals:4 1 exclusion
Vaults:2 2 transporters, Switch's ghost, veteran DDFi
Vaults:4 1 exclusion


Innate Abilities, Weirdness & Mutations

You have an increased reservoir of magic. (+10% MP)
You shall have no god before yourself.
Your divine heritage dramatically boosts your attributes as you level up.
You are partially covered in iridescent scales. (AC +2)
You sometimes lose your temper in combat.
You are highly strong-willed. (Will++)
You are somewhat resistant to further mutation.
Your muscles are very strong. (Str +8, Int/Dex -2)
You occasionally lose the ability to read scrolls when taking damage.


Message History

The floor.
Unknown command.
You cannot read scrolls in your current state!
Unknown command.
Unknown command.
Okay, then.
Unknown command.
Unknown command.
Unknown command.
Okay, then.
Press: ? - help, v - describe, . - travel
Here: a caustic shrike (heavily wounded)
The floor.
Unknown command.
Unknown command.
Okay, then.
Unknown command.
Cast which spell? (? or * to list)
Okay, then.
You blink.
Really walk into that dispersal trap?
You enter a dispersal trap!
The iron golem blinks!
The caustic shrike blinks!
The iron golem blinks!
The iron giant blinks! x2; The iron golem blinks! x3
The iron giant blinks!
You blink.
You block the caustic shrike's attack. x2
You feel yourself speed up. The caustic shrike claws you!
* * * LOW HITPOINT WARNING * * *
You are splashed with acid.
You resist.
* * * LOW HITPOINT WARNING * * *
You block the iron golem's attack. x2; You block the caustic shrike's attack.
The iron golem hits you but does no damage.
The iron golem hits you!!
* * * LOW HITPOINT WARNING * * *
The caustic shrike attacks as you move away!
The caustic shrike claws you!!
* * * LOW HITPOINT WARNING * * *
You are splashed with acid.
You resist.
* * * LOW HITPOINT WARNING * * *
The iron giant gestures at you while chanting.
The iron shot hits you!!!!
You die...

##+# ##+##### #.§+
#......#
.####+#.§####+#......#
..9C'§.b.91C'...9....#
....#.§@9.99#9.......#
. #######.#^.......#
#.#>.......#
######.....# #.....#
#######


You could see 4 iron golems, 2 iron giants, a Hell Sentinel, a caustic shrike
and a war gargoyle.

Vanquished Creatures
  Cerebov (Pan)
  Antaeus (Coc:7)
  the Royal Jelly (Slime:5)
  Gloorx Vloq (Pan)
  Ereshkigal (Tar:7)
  A seraph (Pan)
  Lom Lobon (Pan)
  Mnoleg (Pan)
  Tiamat (Zot:2)
  11 dread liches
  Mennas (Pan)
  11 orbs of fire
  7 ancient liches
  2 royal mummies (Tomb:1)
  Sojobo (Crypt:1)
  Josephina (Depths:1)
  The ghost of MacCMillion the Hasty, a veteran GnIE of Cheibriados (Crypt:1)
  Vv (Crypt:1)
  The ghost of Heot Zafel the Impregnable, a veteran MiGl of Hepliaklqana (Crypt:1)
  The ghost of Heot Zafel the Impregnable, a veteran MiGl of Hepliaklqana (Crypt:1)
  4 Killer Klowns (Zot:5)
  16 pandemonium lords (Pan)
  8 shard shrikes
  The ghost of Hali the Executioner, a veteran FoFi of Dithmenos (Crypt:1)
  A curse toe (Zot:5)
  Geryon (Hell)
  Nikola (Depths:1)
  The ghost of yalue the Executioner, an adept MiFi of the Shining One (Crypt:1)
  The ghost of Suxap the Devastator, a veteran GrEE of Lugonu (Crypt:1)
  The ghost of Jetyrhek the Devastator, a veteran GrEE of Lugonu (Crypt:1)
  10 profane servitors
  7 golden dragons
  2 pearl dragons (Pan)
  15 Tzitzimimeh
  32 bone dragons
  4 electric golems
  23 doom hounds
  5 Brimstone Fiends (Pan)
  Rupert (D:14)
  A shard shrike zombie (Abyss:4)
  10 Hell Sentinels
  15 tentacled monstrosities
  Mlioglotl (Shoals:3)
  12 liches
  19 tainted leviathans
  25 Orb Guardians (Zot:5)
  23 Ice Fiends
  4 deep elf blademasters
  16 titans
  6 quicksilver dragons
  8 sphinxes
  3 deep elf master archers (Elf:3)
  23 acid blobs
  2 krakens
  10 death cobs
  16 tentacled starspawn
  A sphinx (shapeshifter) (Vaults:4)
  40 Executioners
  20 ancient champions
  11 shadow dragons
  Agnes (Snake:2)
  Kirke (D:14)
  4 draconian monks
  9 storm dragons
  10 tengu reavers
  7 revenants
  6 fire giants
  12 draconian knights
  22 daevas
  9 rockslimes
  Ilsuiw (Shoals:4)
  21 azure jellies
  15 demonspawn warmongers (Pan)
  4 nagarajas
  3 iron dragons
  29 narguns
  A fire giant (shapeshifter) (Vaults:5)
  3 quicksilver elementals
  13 frost giants
  3 spectral caustic shrikes
  11 ghouls
  51 balrugs
  An emperor scorpion (D:15)
  9 draconian scorchers
  8 draconian shifters
  6 deep elf sorcerers
  Aizul (Snake:2)
  10 shard shrike simulacra
  32 angels (Pan)
  6 curse skulls
  2 spectral juggernauts
  A caustic shrike zombie (Crypt:3)
  17 vault wardens
  Louise (Snake:1)
  A ghost moth (Zot:3)
  7 deep elf elementalists
  11 war gargoyles
  A spriggan defender (Depths:4)
  7 draconian stormcallers
  3 draconian annihilators
  9 demonspawn blood saints (Pan)
  10 ironbound preservers
  40 cacodemons
  30 very ugly things
  2 caustic shrike skeletons (Pan)
  19 demonspawn corrupters (Pan)
  7 vampire knights
  34 reapers
  11 stone giants
  3 starflowers (Abyss:4)
  12 green draconians
  5 deep elf demonologists
  9 ironbound thunderhulks
  13 quicksilver oozes
  20 ophanim (Pan)
  11 putrid mouths
  14 red draconians
  26 elemental wellsprings
  Nessos (Lair:3)
  19 demonspawn black suns (Pan)
  8 yellow draconians
  12 black draconians
  9 dire elephants
  18 wendigos
  8 deep elf annihilators
  37 apis (Pan)
  30 lorocyprocas
  10 white draconians
  16 purple draconians
  26 eidola
  A spectral quicksilver dragon (Tar:6)
  6 merfolk impalers
  A crystal guardian (Vaults:1)
  36 blizzard demons
  7 mummy priests (Tomb:1)
  3 deep elf death magi
  An iron golem (Dis:2)
  A merfolk javelineer (Shoals:4)
  8 ettins
  2 quicksilver dragon zombies (Depths:2)
  5 jiangshi
  8 fire dragons
  34 green deaths
  31 vault guards
  8 yaktaur captains
  A kraken zombie (Hell)
  3 spectral spriggans
  A spectral iron giant (Tar:4)
  2 entropy weavers
  6 deep elf high priests
  15 great orbs of eyes
  Fannar (Lair:3)
  The ghost of Levsong the Fighter, a novice OgCA of the Shining One (D:14)
  10 salamander tyrants
  3 spriggan zombies
  11 ice dragons
  3 ogre magi
  2 alligator snapping turtles
  The ghost of Juwk the Carver, a journeyman DgGl (Lair:1)
  3 hydras
  7 juggernaut simulacra
  A spectral tengu (Tar:1)
  7 merfolk avatars
  A peacekeeper (Vaults:1)
  An anaconda (shapeshifter) (Vaults:5)
  14 centaur warriors
  11 ironbound frosthearts
  A fenstrider witch skeleton (Pan)
  3 hell beasts (Pan)
  2 merfolk aquamancers (Shoals:4)
  A rakshasa (Depths:3)
  7 spriggan air magi
  A catoblepas (Lair:5)
  6 boulder beetles
  2 death knights
  4 satyrs
  12 caustic shrike simulacra
  14 anacondas
  A spectral stone giant (Tar:2)
  4 tengu warriors
  13 two-headed ogres
  A spriggan skeleton (Pan)
  A two-headed ogre (shapeshifter) (Vaults:4)
  18 naga warriors
  2 deep troll earth magi
  26 dancing weapons
  A spriggan berserker (Depths:4)
  6 vampire magi
  2 deep troll shamans (Depths:1)
  13 hell hogs
  28 thrashing horrors
  Urug (D:12)
  21 hell knights
  4 shock serpents
  2 orc high priests (Orc:2)
  2 crystal echidnas
  170 sun demons
  23 deep elf knights
  12 naga sharpshooters
  90 soul eaters
  2 spectral dire elephants (Tar:1)
  5 skysharks
  A titan skeleton (Pan)
  19 wretched stars
  8 salamander mystics
  2 iron trolls
  33 skeletal warriors
  8 sea snakes
  A storm dragon skeleton (Pan)
  50 sixfirhies
  A spectral bunyip (Tar:2)
  24 shadow wraiths
  3 spatial maelstroms (Abyss:3)
  An elf simulacrum (Coc:1)
  4 glowing orange brains
  A golden dragon skeleton (Depths:2)
  A goliath frog (Lair:5)
  7 quicksilver dragon simulacra
  20 cherubim (Pan)
  15 shadow demons
  24 deep trolls
  An orb spider (shapeshifter) (Abyss:3)
  A spark wasp zombie (Depths:2)
  6 naga ritualists
  3 bog bodies
  5 flayed ghosts
  A spectral iron dragon (Tar:4)
  8 spriggan simulacra
  12 deep elf archers
  An iron giant skeleton (Crypt:3)
  3 obsidian statues
  Pikel (D:4)
  A harpy (shapeshifter) (Abyss:3)
  16 ironbound convokers
  6 lindwurms
  107 starcursed masses
  3 kraken simulacra
  10 necromancers
  An anaconda skeleton (Crypt:3)
  13 wizards
  26 deep elf pyromancers
  14 harpies
  2 fenstrider witch simulacra
  A tengu skeleton (Vaults:2)
  17 mana vipers
  9 phantasmal warriors
  A spectral ettin (Tar:1)
  7 orc sorcerers
  39 ugly things
  10 manticores
  33 deep elf zephyrmancers
  A frost giant zombie (Crypt:2)
  3 will-o-the-wisps
  26 salamanders
  18 fauns
  A sphinx skeleton (Vaults:2)
  A spectral centaur (Tar:1)
  7 shining eyes
  A stone giant zombie (Tomb:1)
  3 oklob plants
  A faun (shapeshifter) (Vaults:4)
  5 worldbinders (Abyss:3)
  37 moths of wrath
  8 cyclopes
  A frost giant skeleton (Vaults:2)
  15 rust devils
  6 human skeletons (Vaults:2)
  16 elephants
  6 merfolk sirens
  7 water nymphs
  39 black mambas
  16 vault sentinels
  6 titan simulacra
  22 demonic crawlers
  5 guardian serpents
  42 orange demons
  A water nymph (shapeshifter) (Vaults:5)
  4 eyes of devastation
  A naga zombie (Crypt:3)
  A storm dragon simulacrum (Coc:1)
  15 naga magi
  3 gargoyles
  A dire elephant skeleton (Crypt:3)
  2 apocalypse crabs (Abyss:3)
  17 cane toads
  12 ice statues
  A torpor snail (Lair:3)
  An elephant slug zombie (Crypt:3)
  100 smoke demons
  27 hellions
  A centaur skeleton (Pan)
  A green draconian zombie (Crypt:3)
  A swamp worm zombie (Crypt:1)
  8 anaconda simulacra
  An alligator snapping turtle skeleton (Pan)
  18 freezing wraiths
  A red draconian zombie (Crypt:2)
  7 guardian mummies (Tomb:1)
  16 ice devils
  4 unseen horrors
  26 yaktaurs
  6 rime drakes
  7 tengu conjurers
  42 tormentors
  4 bunyip simulacra
  17 efreet
  8 komodo dragons
  A queen bee (shapeshifter) (Abyss:3)
  2 spectral harpies
  4 silent spectres
  7 iron giant simulacra
  An elf skeleton (Vaults:2)
  A hydra zombie (Hell)
  2 spectral nagas
  A meliai (shapeshifter) (Depths:2)
  3 golden dragon simulacra
  13 red devils
  11 ancient zymes
  A polar bear (Lair:4)
  A harpy zombie (Tomb:1)
  A sea snake skeleton (Hell)
  A troll (shapeshifter) (Abyss:3)
  7 trolls
  13 merfolk
  35 hellwings
  Grinder (D:5)
  2 tyrant leeches
  7 wind drakes
  A shadow dragon simulacrum (Coc:1)
  3 meliai (D:15)
  26 raiju
  7 harpy skeletons
  2 hornets (Depths:4)
  23 blink frogs
  An ettin zombie (Tomb:1)
  2 hydra skeletons
  Prince Ribbit (D:8)
  7 snapping turtles
  5 iron dragon simulacra
  A fire dragon zombie (Crypt:3)
  12 dream sheep
  121 large abominations
  3 alligator zombies (Hell)
  2 stone giant simulacra
  16 flying skulls
  A jumping spider (Vaults:5)
  An alligator skeleton (Hell)
  144 slime creatures
  7 water elementals
  A black mamba zombie (Crypt:1)
  A deep troll skeleton (Vaults:2)
  11 wraiths
  A centaur simulacrum (Coc:2)
  8 dire elephant simulacra
  A fire dragon skeleton (Crypt:3)
  A merfolk skeleton (Crypt:1)
  51 yaks
  3 vampires (Crypt:3)
  82 ynoxinuls
  A culicivora (Vaults:5)
  5 ettin skeletons
  7 air elementals
  3 wyverns
  2 spriggans (Depths:4)
  2 ushabtiu (Tomb:1)
  Eustachio (D:4)
  A fire elemental (Elf:3)
  3 fire bats (Abyss:3)
  36 small abominations
  2 alligator snapping turtle simulacra
  4 basilisks
  2 black mamba skeletons
  13 golden eyes
  3 redbacks (Vaults:5)
  16 vampire mosquitoes
  80 chaos spawn
  A steam dragon (D:7)
  A wind drake skeleton (Crypt:1)
  8 humans (D:13)
  A glowing shapeshifter zombie (Vaults:2)
  2 steam dragons (shapeshifter)
  58 neqoxecs
  3 wargs
  7 spatial vortices (Abyss:3)
  A faun zombie (Crypt:1)
  2 acid dragons
  5 minotaur simulacra (IceCv)
  Edmund (D:4)
  22 harpy simulacra
  66 nagas
  9 water moccasins
  An ogre skeleton (Vaults:2)
  4 hell hounds (Abyss:3)
  5 hydra simulacra
  4 naga skeletons
  A fire bat skeleton (Crypt:3)
  A floating eye (Slime:5)
  26 orc warriors
  4 black bears
  3 sky beasts
  3 ettin simulacra
  2 ice beasts
  An alligator simulacrum (IceCv)
  5 ogres
  3 boggarts (D:15)
  9 wolves (Lair:2)
  11 centaurs
  A lemure (D:4)
  2 phantoms
  2 kobold brigands
  A hog skeleton (Crypt:2)
  2 scorpions
  12 bullfrogs
  A komodo dragon zombie (Crypt:1)
  5 necrophages
  A cane toad simulacrum (Lair:1)
  6 earth elementals
  A gnoll sergeant (D:9)
  6 naga simulacra
  17 wights
  15 deep troll simulacra (IceCv)
  A hornet simulacrum (D:14)
  15 killer bees
  A lindwurm simulacrum (IceCv)
  3 howler monkeys
  An electric eel (Lair:5)
  10 crimson imps
  2 quasits (Abyss:3)
  2 jellies
  4 hounds
  28 orc priests
  3 water moccasin simulacra (Lair:1)
  Crazy Yiuf (D:4)
  4 gnoll boudas
  An iron imp (Abyss:3)
  5 iguanas
  Natasha (twice) (D:2)
  A basilisk skeleton (Crypt:3)
  A yak simulacrum (Lair:1)
  31 orc wizards
  2 bullfrog simulacra (Lair:1)
  An ice beast zombie (Crypt:1)
  10 mummies (Tomb:1)
  A howler monkey zombie (Crypt:1)
  23 gnolls
  10 adders
  A shadow imp (Abyss:3)
  8 white imps
  8 ufetubi
  2 worms
  84 orcs
  7 ball pythons
  9 bats
  9 endoplasms
  A giant cockroach (D:4)
  4 goblins
  12 hobgoblins
  3 jackals (D:1)
  20 kobolds
  A ball python skeleton (Crypt:1)
  2 frilled lizards
  A giant cockroach zombie (Crypt:1)
  A gnoll skeleton (Crypt:2)
  A goblin zombie (Crypt:3)
  2 hobgoblin skeletons (Crypt:2)
  A jackal zombie (Crypt:2)
  A quokka skeleton (Crypt:1)
  2 rats (D:2)
  A rat skeleton (Crypt:2)
  A spectral orc (D:5)
  A ball lightning (Pan)
  2 creeping infernos
  6 fire vortices
  4 fulminant prisms
  5 lurking horrors (Abyss:3)
  9 starspawn tentacles (Abyss:3)
  3 tentacles
4821 creatures vanquished.

Vanquished Creatures (collateral kills)
  A pandemonium lord (Pan)
  A shard shrike (Coc:5)
  A draconian scorcher (Zot:2)
  A green death (Abyss:4)
  A jiangshi (Abyss:3)
  2 thrashing horrors (Abyss:3)
  A wretched star (Abyss:4)
  An ancient zyme (Abyss:3)
  3 large abominations (Abyss:3)
  A harpy skeleton (Abyss:3)
  4 raiju
  A blink frog (Abyss:3)
  3 starcursed masses (Abyss:3)
  A hog (D:14)
  Blork the orc (D:4)
  A wight (Abyss:3)
  An orc wizard (D:3)
  A fire vortex (Pan)
26 creatures vanquished.

Vanquished Creatures (others)
  A fire giant (Vaults:4)
  2 green deaths (Pan)
  2 caustic shrike simulacra
  A hell hog (Abyss:4)
  4 deep elf knights (Elf:3)
  A sixfirhy (Pan)
  A fenstrider witch simulacrum (Coc:2)
  A spriggan simulacrum (Coc:6)
  A deep elf zephyrmancer (Elf:2)
  A necromancer (Abyss:3)
  A titan simulacrum (Coc:3)
  3 smoke demons (Pan)
  An iron giant simulacrum (Coc:5)
  An iron dragon simulacrum (Depths:2)
  A stone giant simulacrum (Depths:2)
  A golden eye (Abyss:4)
  5 humans
  2 neqoxecs (Pan)
  A large abomination (Abyss:4)
  2 small abominations
  A goblin (D:4)
  2 ball lightnings (Pan)
  4 fire vortices (Pan)
  10 foxfires (Abyss:3)
  120 fulminant prisms
  31 starspawn tentacles
  24 tentacles
225 creatures vanquished.

Grand Total: 5072 creatures vanquished

Notes
Turn   | Place    | Note
-------+----------+-------------------------------------------
     0 | D:1      | Gabide the Demigod Conjurer began the quest for the Orb.
     0 | D:1      | Reached XP level 1. HP: 14/14 MP: 5/5
   227 | D:1      | Reached XP level 2. HP: 20/20 MP: 2/8
   332 | D:1      | Learned a level 2 spell: Searing Ray
  1315 | D:2      | Reached XP level 3. HP: 26/26 MP: 8/10
  1499 | D:2      | Noticed Natasha
  1504 | D:2      | Killed Natasha
  1626 | D:2      | Noticed Natasha
  1634 | D:2      | Killed Natasha
  1635 | D:2      | Reached XP level 4. HP: 30/33 MP: 2/11
  2058 | D:3      | Reached skill level 1 in Fighting
  2218 | D:3      | Reached XP level 5. HP: 40/40 MP: 10/12
  3375 | D:4      | Noticed Eustachio
  3407 | D:4      | Killed Eustachio
  3408 | D:4      | Reached XP level 6. HP: 40/51 MP: 1/13
  3833 | D:4      | Found a runed translucent door.
  3834 | D:4      | Noticed Crazy Yiuf
  3841 | D:4      | Killed Crazy Yiuf
  3959 | D:4      | Reached skill level 5 in Conjurations
  4031 | D:4      | Noticed Edmund
  4041 | D:4      | Killed Edmund
  4042 | D:4      | Reached XP level 7. HP: 30/57 MP: 3/14
  4354 | D:4      | Found Vysar's Distillery.
  4362 | D:4      | Bought a potion of resistance for 100 gold pieces
  4362 | D:4      | Bought a potion of might for 40 gold pieces
  4362 | D:4      | Bought a potion of flight for 30 gold pieces
  4362 | D:4      | Bought a potion of curing for 30 gold pieces
  4362 | D:4      | Bought a potion of attraction for 30 gold pieces
  4748 | D:4      | Noticed Blork the orc
  4753 | D:4      | Noticed Pikel
  4756 | D:4      | Killed Blork the orc
  4769 | D:4      | Killed Pikel
  4770 | D:4      | Reached skill level 5 in Spellcasting
  4770 | D:4      | Reached XP level 8. HP: 23/63 MP: 1/20
  4931 | D:4      | Found a staircase to the Ecumenical Temple.
  4937 | Temple   | Entered the Ecumenical Temple
  4998 | D:4      | Found Levonev's Assorted Antiques.
  5005 | D:4      | Bought a silvery potion for 18 gold pieces
  5005 | D:4      | Bought a scroll labelled UKADOTWAJAF for 20 gold pieces
  5116 | D:5      | Entered Level 5 of the Dungeon
  5766 | D:5      | Identified the +2 dagger "Virubagh" {heavy, Contam rElec
                  | rPois Dex+5}
  5777 | D:5      | Noticed Grinder
  5781 | D:5      | Paralysed by Grinder for 4 turns
  5787 | D:5      | Killed Grinder
  6889 | D:6      | Learned a level 3 spell: Stone Arrow
  6893 | D:6      | Learned a level 3 spell: Hailstorm
  6940 | D:6      | Learned a level 2 spell: Static Discharge
  7227 | D:6      | Reached XP level 9. HP: 69/69 MP: 14/21
  7884 | D:6      | Learned a level 4 spell: Iskenderun's Mystic Blast
  8232 | D:7      | Reached skill level 10 in Conjurations
  8580 | D:7      | Noticed a two-headed ogre
  8587 | D:7      | Killed a two-headed ogre
  9004 | D:7      | Found Xiot's Assorted Antiques.
  9007 | D:7      | Bought a helmet for 117 gold pieces
  9354 | D:8      | Noticed Prince Ribbit
  9362 | D:8      | Killed Prince Ribbit
  9363 | D:8      | Reached XP level 10. HP: 43/77 MP: 11/22
 11466 | D:4      | Bought a gnarled smoking staff for 240 gold pieces
 11599 | D:9      | Noticed a two-headed ogre
 11606 | D:9      | Killed a two-headed ogre
 12097 | D:10     | Entered Level 10 of the Dungeon
 12220 | D:10     | Noticed a tengu warrior
 12238 | D:10     | Killed a tengu warrior
 12785 | D:10     | Reached XP level 11. HP: 52/82 MP: 17/29
 12787 | D:10     | Reached skill level 10 in Spellcasting
 13404 | D:10     | Found a staircase to the Lair.
 13575 | D:10     | Found a staircase to the Orcish Mines.
 13976 | Lair:1   | Entered Level 1 of the Lair of Beasts
 14016 | Lair:1   | Noticed Juwk's ghost (journeyman DgGl)
 14016 | Lair:1   | Noticed an ice dragon
 14478 | Lair:1   | Found a runed translucent gate.
 14479 | Lair:1   | Found a runed translucent gate.
 14480 | Lair:1   | Found a runed translucent gate.
 15243 | Lair:2   | Noticed a lindwurm
 15417 | Lair:2   | Killed a lindwurm
 16084 | Lair:2   | Reached skill level 5 in Fighting
 16323 | Lair:2   | Found a staircase to the Snake Pit.
 16557 | Lair:2   | Reached XP level 12. HP: 96/96 MP: 20/32
 17043 | Lair:3   | Noticed Fannar
 17051 | Lair:3   | Killed Fannar
 17148 | Lair:3   | Noticed Nessos
 17156 | Lair:3   | Killed Nessos
 17157 | Lair:3   | Reached skill level 5 in Dodging
 17338 | Lair:3   | Reached skill level 1 in Short Blades
 17338 | Lair:3   | Reached skill level 1 in Staves
 17338 | Lair:3   | Reached skill level 1 in Unarmed Combat
 17693 | Lair:3   | Found a staircase to the Shoals.
 17993 | Lair:3   | Noticed a boulder beetle
 18003 | Lair:3   | Killed a boulder beetle
 18562 | Lair:3   | Noticed a boulder beetle
 18570 | Lair:3   | Killed a boulder beetle
 20290 | Lair:5   | Entered Level 5 of the Lair of Beasts
 20290 | Lair:5   | Noticed a catoblepas
 20290 | Lair:5   | Found a runed translucent door.
 20293 | Lair:5   | Killed a catoblepas
 20583 | Lair:5   | Reached XP level 13. HP: 81/111 MP: 24/33
 20627 | Lair:5   | Found a staircase to the Slime Pits.
 21531 | Lair:5   | Reached skill level 10 in Fighting
 24939 | D:12     | Noticed Urug
 24942 | D:12     | Killed Urug
 24943 | D:12     | Reached skill level 10 in Dodging
 26173 | D:13     | Reached XP level 14. HP: 104/126 MP: 2/35
 27542 | D:13     | Found a gate to the Vaults.
 27646 | D:14     | Noticed Rupert
 27929 | D:14     | Noticed Kirke
 27939 | D:14     | Killed Kirke
 27940 | D:14     | Killed Rupert
 28980 | D:14     | Found a large runed translucent door.
 28980 | D:14     | Found a large runed translucent door.
 28981 | D:14     | Noticed Levsong's ghost (novice OgCA)
 29070 | D:14     | Killed Levsong's ghost
 29761 | D:15     | Entered Level 15 of the Dungeon
 30622 | D:15     | Found a staircase to the Depths.
 30628 | D:15     | Noticed an emperor scorpion
 31657 | D:15     | Reached skill level 15 in Conjurations
 31661 | D:15     | Reached skill level 1 in Shields
 32093 | D:15     | Reached XP level 15. HP: 132/132 MP: 26/36
 32273 | Orc:1    | Entered Level 1 of the Orcish Mines
 32312 | Orc:2    | Entered Level 2 of the Orcish Mines
 32884 | Orc:2    | Found Qapsufu's Magic Scroll Boutique.
 33361 | Orc:2    | Found Qammudeu's Armour Shoppe.
 33361 | Orc:2    | Found Kamitol's Assorted Antiques.
 33362 | Orc:2    | Found Oshrumpi's Antique Weapon Emporium.
 33366 | Orc:2    | Found Adukez's Distillery.
 33772 | Orc:2    | Found a staircase to the Elven Halls.
 33959 | Orc:2    | Reached skill level 5 in Shields
 34103 | Orc:1    | Found Qyxeah's Antique Armour Shoppe.
 34730 | Orc:2    | Bought a scroll of acquirement for 572 gold pieces
 34730 | Orc:2    | Acquired a ring of willpower
 34748 | Orc:1    | Bought a steaming cloak for 304 gold pieces
 34748 | Orc:1    | Identified the +4 cloak of Purpose {rPois Str+2 Dex+3} (You
                  | bought it in a shop on level 1 of the Orcish Mines)
 34792 | Orc:2    | Bought a scroll of enchant armour for 217 gold pieces
 34799 | Orc:2    | Learned a level 4 spell: Fulminant Prism
 34804 | Orc:2    | Learned a level 4 spell: Flame Wave
 34809 | Orc:2    | Learned a level 4 spell: Sticky Flame
 34959 | Shoals:1 | Entered Level 1 of the Shoals
 35534 | Shoals:1 | Found a transporter.
 35538 | Shoals:1 | Found a transporter.
 35630 | Shoals:1 | Found a transporter.
 35634 | Shoals:1 | Found a transporter.
 35756 | Shoals:1 | Found a transporter.
 35758 | Shoals:1 | Found a transporter.
 36368 | Shoals:1 | Noticed a kraken
 36377 | Shoals:1 | Killed a kraken
 36378 | Shoals:1 | Reached skill level 5 in Staves
 36956 | Shoals:2 | Found a frozen archway.
 36966 | Shoals:2 | Reached skill level 1 in Evocations
 36999 | IceCv    | Entered an ice cave
 37952 | IceCv    | Noticed an Ice Fiend
 38580 | IceCv    | Reached skill level 5 in Evocations
 38857 | IceCv    | Killed an Ice Fiend
 39297 | Shoals:2 | Found Taelaorph's Jewellery Emporium.
 39521 | Shoals:2 | Noticed a kraken
 39534 | Shoals:2 | Killed a kraken
 39535 | Shoals:2 | Reached skill level 1 in Armour
 40450 | Shoals:3 | Reached XP level 16. HP: 125/139 MP: 15/37
 40700 | Shoals:3 | Found Luloguzo's Jewellery Emporium.
 41516 | Shoals:3 | Identified the ring of Cheibriados's Regard {Ice *Slow Fly
                  | Stlth+}
 41746 | Shoals:4 | Entered Level 4 of the Shoals
 42088 | Shoals:4 | Noticed Mlioglotl
 42107 | Shoals:3 | Killed Mlioglotl
 42579 | Shoals:4 | Got a barnacled rune of Zot
 42889 | Shoals:4 | Identified the +11 plate armour of Sloth {rElec rPois
                  | Slay+2}
 42910 | Shoals:4 | Learned a level 7 spell: Orb of Destruction
 43153 | Shoals:4 | Identified the +9 morningstar of Rosief {protect, Will-
                  | Str+6 SInv Stlth+}
 43164 | Shoals:4 | Identified the +7 glaive of Law {flame, *Rage rN++ Int+2}
 43335 | Shoals:4 | Noticed Ilsuiw
 43622 | Shoals:4 | Killed Ilsuiw
 44257 | Snake:1  | Entered Level 1 of the Snake Pit
 45132 | Snake:1  | Found Pomougon's Distillery.
 45140 | Snake:1  | Bought a potion of mutation for 112 gold pieces
 45140 | Snake:1  | Bought a potion of might for 56 gold pieces
 45140 | Snake:1  | Bought a potion of curing for 42 gold pieces
 45140 | Snake:1  | Bought a potion of heal wounds for 70 gold pieces
 46069 | Snake:2  | Noticed Louise
 46090 | Snake:1  | Killed Louise
 46641 | Snake:2  | Noticed Aizul
 46647 | Snake:2  | Killed Aizul
 48140 | Snake:2  | Found Tanenaga's Dragon-Slaying Spoils.
 48365 | Snake:2  | Reached XP level 17. HP: 146/146 MP: 25/38
 48807 | Snake:2  | Noticed Agnes
 48811 | Snake:2  | Killed Agnes
 50677 | Snake:2  | Got the Commentary on Massed Gases
 51679 | Snake:3  | Got the Opusculum on the Throng and Gusts
 51988 | Snake:3  | Identified the +3 pair of boots of Lilacs {+Blink rN+++
                  | rCorr Slay-3}
 52713 | Snake:3  | Reached skill level 10 in Staves
 53330 | Snake:3  | Identified the +7 glaive "Goremnui" {flame, *Slow rF+ rCorr
                  | Int+4}
 53531 | Snake:4  | Entered Level 4 of the Snake Pit
 56813 | Snake:4  | Reached skill level 10 in Evocations
 57244 | Snake:4  | Reached XP level 18. HP: 141/154 MP: 23/39
 57968 | Snake:4  | Got a serpentine rune of Zot
 58356 | Depths:1 | Entered Level 1 of the Depths
 58634 | Depths:1 | Noticed Nikola
 58642 | Depths:1 | Killed Nikola
 60486 | Depths:1 | Reached skill level 5 in Armour
 62154 | Depths:1 | Found a gateway to Hell.
 62818 | Depths:2 | Acquired the +1 pair of gloves "Wufawnuh" {rC- Regen+ rCorr
                  | Dex+4}
 64392 | Depths:2 | Found a one-way gate to the infinite horrors of the Abyss.
 64541 | Depths:2 | Found a one-way gate leading to the halls of Pandemonium.
 64917 | Depths:2 | Found Buedaana's Armour Boutique.
 64942 | Depths:2 | Identified the ring "Irroff" {Ice +Blink Str+2 Int+5 Dex-4}
 64942 | Depths:2 | Noticed Josephina
 65275 | Depths:1 | Killed Josephina
 65836 | Depths:2 | Reached skill level 10 in Shields
 66705 | Depths:3 | Found a one-way gateway to a ziggurat.
 66719 | Depths:3 | Found Ryjoy's Armour Boutique.
 66727 | Depths:3 | Found Lereckoj's Assorted Antiques.
 66731 | Depths:3 | Bought a potion of haste for 380 gold pieces
 66731 | Depths:3 | Bought a potion of heal wounds for 190 gold pieces
 66731 | Depths:3 | Bought a potion of heal wounds for 190 gold pieces
 67126 | Depths:3 | Identified the staff of earth "Retyq" {rF+}
 67333 | Depths:3 | Reached XP level 19. HP: 134/160 MP: 12/40
 67618 | Depths:3 | You fall into a shaft and drop 1 floor!
 67618 | Depths:4 | Entered Level 4 of the Depths
 68525 | Depths:4 | Noticed a golden dragon
 68532 | Depths:4 | Killed a golden dragon
 69517 | Depths:4 | Found Nosobi's Distillery.
 69519 | Depths:4 | Found Kiesoag's Armour Boutique.
 69521 | Depths:4 | Bought a potion of curing for 63 gold pieces
 69521 | Depths:4 | Bought a potion of curing for 63 gold pieces
 69521 | Depths:4 | Bought a potion of curing for 63 gold pieces
 69521 | Depths:4 | Bought a potion of heal wounds for 105 gold pieces
 70036 | Depths:4 | Found a gate to the Realm of Zot.
 70850 | Elf:1    | Entered Level 1 of the Elven Halls
 70851 | Elf:1    | Paralysed by an air elemental for 1 turns
 70855 | Elf:1    | Paralysed by an air elemental for 1 turns
 72630 | Elf:1    | Paralysed by an air elemental for 1 turns
 72634 | Elf:1    | Paralysed by an air elemental for 1 turns
 72897 | Elf:1    | Paralysed by an air elemental for 1 turns
 73030 | Elf:1    | Got the Tome of Damage
 73735 | Elf:2    | Found a gateway to a bazaar.
 73739 | Abyss:3  | Cast into level 3 of the Abyss (+6 war axe of distortion)
 73743 | Elf:2    | Escaped the Abyss
 73753 | Bazaar   | Entered a bazaar
 73753 | Bazaar   | Found Dunohof's Weapon Shop.
 73753 | Bazaar   | Found Qusece's Antique Armour Shop.
 73876 | Bazaar   | Found Huub's General Store.
 73888 | Bazaar   | Found Ycorph's Book Emporium.
 73896 | Bazaar   | Found Aluir Zoe's Antique Armour Boutique.
 73942 | Bazaar   | Bought a polished leather armour for 259 gold pieces
 73942 | Bazaar   | Identified the +0 leather armour of Divine Intervention
                  | {Str+2} (You bought it in a shop in a bazaar)
 73975 | Bazaar   | Bought a brightly glowing kite shield for 199 gold pieces
 73975 | Bazaar   | Identified the +4 kite shield "Vareg" {rElec rPois rN++
                  | Int-5} (You bought it in a shop in a bazaar)
 73996 | Bazaar   | Bought a scroll of blinking for 120 gold pieces
 74055 | Elf:2    | Reached skill level 10 in Armour
 74202 | Elf:2    | Paralysed by an air elemental for 1 turns
 74525 | Elf:2    | Found the +1 cloak of Starlight {*Dazzle EV+4 Stlth--}
 74528 | Elf:2    | Paralysed by an air elemental for 1 turns
 75162 | Elf:2    | Found a huge runed translucent gate.
 75164 | Elf:2    | Found a huge runed translucent gate.
 75164 | Elf:2    | Found a huge runed translucent gate.
 75165 | Elf:2    | Found a huge runed translucent gate.
 75165 | Elf:2    | Found a huge runed translucent gate.
 76685 | Elf:3    | Entered Level 3 of the Elven Halls
 77725 | Elf:3    | Reached XP level 20. HP: 72/168 MP: 3/42
 78814 | Elf:3    | Identified the ring "Dutaeto" {AC+4 Str+4}
 78846 | Elf:3    | Identified the ring of Autumn {AC+4 Stlth+}
 79355 | Elf:3    | Identified the ring "Ismoeb" {Drain rPois Will+ SInv}
 79649 | Elf:3    | Identified the +6 whip of an ice cave {pain, rElec Str+5}
 79649 | Elf:3    | Identified the ring of the Harvest {Ice Will++ Int-2 Dex+8
                  | Stlth-}
 79707 | Elf:3    | Identified the +2 ring mail of Snakes and Ladders {Harm rF+
                  | Slay+3}
 80792 | Elf:3    | Identified the +1 scale mail "Laanuaz" {rC+ Will++}
 81260 | Vaults:1 | Entered Level 1 of the Vaults
 82823 | Vaults:1 | Found Xapp's Magic Scroll Shoppe.
 82879 | Vaults:1 | Reached skill level 15 in Spellcasting
 84538 | Vaults:1 | Identified the +6 scale mail of the Thinker {rF+}
 85118 | Vaults:2 | Found Cuseurao's Antique Weapon Boutique.
 85921 | Vaults:2 | Got the Treatise on Kindled Topography
 85942 | Vaults:2 | Found a transporter.
 85942 | Vaults:2 | Noticed Switch's ghost (veteran DDFi)
 86171 | Vaults:2 | Found a transporter.
 86643 | Vaults:2 | Found a staircase to the Crypt.
 86869 | Vaults:3 | Identified the +5 sling of Trog {flame, rF++ Int-4}
 88832 | Vaults:3 | Found Petef's Assorted Antiques.
 88840 | Vaults:3 | Bought a scroll of enchant armour for 202 gold pieces
 88875 | Vaults:3 | Reached XP level 21. HP: 120/174 MP: 0/46
 89725 | Vaults:3 | Reached skill level 15 in Shields
 91419 | Vaults:4 | Found a huge runed gate.
 91419 | Vaults:4 | Found a huge runed gate.
 91419 | Vaults:4 | Found a huge runed gate.
 91419 | Vaults:4 | Found a huge runed gate.
 91419 | Vaults:4 | Found a huge runed gate.
 91419 | Vaults:4 | Found a huge runed gate.
 91420 | Vaults:4 | Found a huge runed gate.
 91420 | Vaults:4 | Found a huge runed gate.
 91420 | Vaults:4 | Found a huge runed gate.
 91420 | Vaults:4 | Found a huge runed gate.
 91420 | Vaults:4 | Found a huge runed gate.
 91421 | Vaults:4 | Found a huge runed gate.
 91422 | Vaults:4 | Found a huge runed gate.
 91422 | Vaults:4 | Found a huge runed gate.
 92592 | Vaults:4 | Found a huge runed gate.
 92593 | Vaults:4 | Found a huge runed gate.
 92601 | Vaults:4 | Found a huge runed gate.
 92601 | Vaults:4 | Found a huge runed gate.
 92601 | Vaults:4 | Found a huge runed gate.
 92601 | Vaults:4 | Found a huge runed gate.
 92601 | Vaults:4 | Found a huge runed gate.
 92601 | Vaults:4 | Found a huge runed gate.
 92602 | Vaults:4 | Found a huge runed gate.
 92603 | Vaults:4 | Found a huge runed gate.
 92605 | Vaults:4 | Found a huge runed gate.
 92806 | Vaults:4 | Found a huge runed gate.
 92806 | Vaults:4 | Found a huge runed gate.
 92806 | Vaults:4 | Found a huge runed gate.
 92806 | Vaults:4 | Found a huge runed gate.
 92806 | Vaults:4 | Found a huge runed gate.
 92807 | Vaults:4 | Found a huge runed gate.
 92808 | Vaults:4 | Found a huge runed gate.
 92809 | Vaults:4 | Found a huge runed gate.
 92810 | Vaults:4 | Found a huge runed gate.
 92818 | Vaults:4 | Found a huge runed gate.
 92818 | Vaults:4 | Found a huge runed gate.
 92973 | Vaults:4 | Noticed a golden dragon
 93499 | Vaults:4 | Killed a golden dragon
 95027 | Snake:4  | Learned a level 6 spell: Iron Shot
 95209 | Slime:1  | Entered Level 1 of the Pits of Slime
 95395 | Slime:1  | Gained mutation: You are frail. (-10% HP) [a shining eye]
 95397 | Slime:1  | Lost mutation: You are frail. (-10% HP) [potion of
                  | mutation]
 95397 | Slime:1  | Gained mutation: You occasionally lose the ability to drink
                  | potions when taking damage. [potion of mutation]
 95397 | Slime:1  | Gained mutation: You have a pair of small horns on your
                  | head. [potion of mutation]
 95398 | Slime:1  | Lost mutation: You have a pair of small horns on your head.
                  | [potion of mutation]
 95398 | Slime:1  | Lost mutation: You occasionally lose the ability to drink
                  | potions when taking damage. [potion of mutation]
 95398 | Slime:1  | Gained mutation: You expend magic power (3 MP) to
                  | strengthen your wands. [potion of mutation]
 95398 | Slime:1  | Gained mutation: Your movements are slightly less
                  | encumbered by armour. (ER -2) [potion of mutation]
 98272 | Slime:5  | Entered Level 5 of the Pits of Slime
 98300 | Slime:5  | Paralysed by a floating eye for 3 turns
 98454 | Slime:5  | Gained mutation: You are clumsy. (Dex -2) [a shining eye]
100765 | Slime:5  | Reached XP level 22. HP: 168/181 MP: 14/50
101236 | Slime:5  | Noticed the Royal Jelly
101641 | Slime:5  | Killed the Royal Jelly
102183 | Slime:5  | Found the +1 robe of Vines {NoPotionHeal Regen++++}
102236 | Slime:5  | Identified the +3 scale mail "Ceoxabb" {rF+++ MP-9 Int+2
                  | Stlth+}
102245 | Slime:5  | Found the +16 obsidian axe {drain, demonic, Mesm Drain Fly
                  | SInv}
102250 | Slime:5  | Identified the +0 ring mail "Binoem" {rElec rC+ Dex+2}
102275 | Slime:5  | Found the dreamshard necklace {*Dream Drain}
102292 | Slime:5  | Got a slimy rune of Zot
102373 | Slime:5  | Identified the +1 mace "Xadghuutt" {venom, Will+}
102384 | Slime:5  | Identified the +2 leather armour of Misanthropy {-Tele
                  | Str+2 Int+3}
102697 | Lair:5   | Lost mutation: Your movements are slightly less encumbered
                  | by armour. (ER -2) [potion of mutation]
102697 | Lair:5   | Lost mutation: You expend magic power (3 MP) to strengthen
                  | your wands. [potion of mutation]
102697 | Lair:5   | Gained mutation: You are partially covered in iridescent
                  | scales. (AC +2) [potion of mutation]
102698 | Lair:5   | Lost mutation: You are partially covered in iridescent
                  | scales. (AC +2) [potion of mutation]
102698 | Lair:5   | Lost mutation: You are clumsy. (Dex -2) [potion of
                  | mutation]
102698 | Lair:5   | Gained mutation: You are strong-willed. (Will+) [potion of
                  | mutation]
102698 | Lair:5   | Gained mutation: You are frail. (-10% HP) [potion of
                  | mutation]
102698 | Lair:5   | Gained mutation: Your spells are a little harder to cast,
                  | but a little more powerful. [potion of mutation]
102698 | Lair:5   | Gained mutation: You have supernaturally acute eyesight.
                  | (SInv) [potion of mutation]
102699 | Lair:5   | Lost mutation: You are strong-willed. (Will+) [potion of
                  | mutation]
102699 | Lair:5   | Lost mutation: Your spells are a little harder to cast, but
                  | a little more powerful. [potion of mutation]
102699 | Lair:5   | Gained mutation: You expend magic power (3 MP) to
                  | strengthen your wands. [potion of mutation]
102699 | Lair:5   | Gained mutation: Your spells are a little harder to cast,
                  | but a little more powerful. [potion of mutation]
102700 | Lair:5   | Lost mutation: You expend magic power (3 MP) to strengthen
                  | your wands. [potion of mutation]
102700 | Lair:5   | Lost mutation: You have supernaturally acute eyesight.
                  | (SInv) [potion of mutation]
102700 | Lair:5   | Lost mutation: You are frail. (-10% HP) [potion of
                  | mutation]
102700 | Lair:5   | Gained mutation: You are partially covered in iridescent
                  | scales. (AC +2) [potion of mutation]
102700 | Lair:5   | Gained mutation: Your flesh is heat resistant. (rF+)
                  | [potion of mutation]
102700 | Lair:5   | Gained mutation: You are mostly covered in iridescent
                  | scales. (AC +4) [potion of mutation]
102999 | Crypt:1  | Entered Level 1 of the Crypt
103087 | Crypt:1  | Found a huge runed gate.
103087 | Crypt:1  | Found a huge runed gate.
103088 | Crypt:1  | Found a huge runed gate.
103088 | Crypt:1  | Found a huge runed gate.
103088 | Crypt:1  | Found a huge runed gate.
103088 | Crypt:1  | Found a huge runed gate.
103088 | Crypt:1  | Found a huge runed gate.
103090 | Crypt:1  | Found a huge runed gate.
103090 | Crypt:1  | Found a huge runed gate.
103091 | Crypt:1  | Found a huge runed gate.
103091 | Crypt:1  | Found a huge runed gate.
103092 | Crypt:1  | Found a huge runed gate.
103093 | Crypt:1  | Found a huge runed gate.
103094 | Crypt:1  | Found a huge runed gate.
103095 | Crypt:1  | Found a huge runed gate.
103096 | Crypt:1  | Found a huge runed gate.
103242 | Crypt:1  | Found a huge runed gate.
103242 | Crypt:1  | Found a huge runed gate.
103242 | Crypt:1  | Found a huge runed gate.
103242 | Crypt:1  | Found a huge runed gate.
103242 | Crypt:1  | Found a huge runed gate.
103243 | Crypt:1  | Found a huge runed gate.
103252 | Crypt:1  | Found a huge runed gate.
103252 | Crypt:1  | Found a huge runed gate.
103253 | Crypt:1  | Found a huge runed gate.
103259 | Crypt:1  | Noticed Sojobo
103266 | Crypt:1  | Killed Sojobo
103442 | Crypt:1  | Found a huge runed gate.
103442 | Crypt:1  | Found a huge runed gate.
103443 | Crypt:1  | Found a huge runed gate.
103444 | Crypt:1  | Found a huge runed gate.
103639 | Crypt:1  | Found a huge runed gate.
103640 | Crypt:1  | Found a huge runed gate.
103640 | Crypt:1  | Found a huge runed gate.
103642 | Crypt:1  | Found a huge runed gate.
103669 | Crypt:1  | Found a huge runed gate.
104150 | Crypt:1  | Noticed Vv
104159 | Crypt:1  | Killed Vv
105040 | Crypt:1  | Found a huge runed gate.
105067 | Crypt:1  | Found a huge runed gate.
105818 | Crypt:1  | Noticed MacCMillion's ghost (veteran GnIE)
105818 | Crypt:1  | Noticed Heot Zafel's ghost (veteran MiGl)
105818 | Crypt:1  | Noticed Hali's ghost (veteran FoFi)
105818 | Crypt:1  | Noticed Suxap's ghost (veteran GrEE)
105818 | Crypt:1  | Noticed Jetyrhek's ghost (veteran GrEE)
105818 | Crypt:1  | Noticed yalue's ghost (adept MiFi)
105818 | Crypt:1  | Noticed Heot Zafel's ghost (veteran MiGl)
105831 | Crypt:1  | Killed MacCMillion's ghost
105836 | Crypt:1  | Killed Hali's ghost
106023 | Crypt:1  | Killed Heot Zafel's ghost
106192 | Crypt:1  | Killed Jetyrhek's ghost
106225 | Crypt:1  | Killed yalue's ghost
106485 | Crypt:1  | Killed Suxap's ghost
106613 | Crypt:1  | Killed Heot Zafel's ghost
108503 | Crypt:3  | Entered Level 3 of the Crypt
108922 | Crypt:3  | Found a staircase to the Tomb.
110784 | Crypt:3  | Identified the +1 ring mail "Vyfone" {Rampage rN+ Will+}
111400 | Zot:1    | Entered Level 1 of the Realm of Zot
111404 | Zot:1    | Reached XP level 23. HP: 188/188 MP: 34/52
114405 | Zot:2    | Noticed an orb of fire
114578 | Zot:2    | Killed an orb of fire
115225 | Zot:2    | Found the +4 dragonskin cloak
115225 | Zot:2    | Noticed Tiamat
115238 | Zot:2    | Killed Tiamat
117230 | Zot:3    | Identified the +1 leather armour of Cepnun {rCorr Int+6}
118831 | Zot:3    | Identified the ring of Meczych {Str+6 Int+5}
119782 | Zot:4    | Reached skill level 15 in Fighting
119986 | Zot:4    | Reached XP level 24. HP: 206/206 MP: 47/54
120488 | Zot:4    | Acquired an amulet of magic regeneration
120848 | Zot:5    | Entered Level 5 of the Realm of Zot
121482 | Zot:5    | Noticed an orb of fire
121793 | Zot:5    | Killed an orb of fire
121794 | Zot:5    | Reached skill level 15 in Dodging
122617 | Zot:5    | Noticed an ancient lich
122624 | Zot:5    | Killed an ancient lich
122624 | Zot:5    | Noticed a Killer Klown
122815 | Zot:5    | Killed a Killer Klown
122874 | Zot:5    | Noticed an orb of fire
122876 | Zot:5    | Gained mutation: You sometimes lose your temper in combat.
                  | [an orb of fire]
122878 | Zot:5    | Killed an orb of fire
122996 | Zot:5    | Noticed an orb of fire
122996 | Zot:5    | Noticed an orb of fire
123004 | Zot:5    | Gained mutation: You occasionally lose the ability to drink
                  | potions when taking damage. [an orb of fire]
123006 | Zot:5    | Gained mutation: You occasionally lose the ability to read
                  | scrolls when taking damage. [an orb of fire]
123007 | Zot:5    | Killed an orb of fire
123009 | Zot:5    | Noticed an orb of fire
123016 | Zot:5    | Killed an orb of fire
123017 | Zot:5    | Reached skill level 15 in Armour
123889 | Zot:5    | Gained mutation: You are dopey. (Int -2) [an orb of fire]
123890 | Zot:5    | Gained mutation: You sometimes lose the ability to read
                  | scrolls when taking damage. [an orb of fire]
123890 | Zot:5    | Killed an orb of fire
124053 | Zot:5    | Lost mutation: You are dopey. (Int -2) [potion of mutation]
124053 | Zot:5    | Lost mutation: You sometimes lose your temper in combat.
                  | [potion of mutation]
124053 | Zot:5    | Gained mutation: You have sharp toenails. [potion of
                  | mutation]
124054 | Zot:5    | Lost mutation: You are mostly covered in iridescent scales.
                  | (AC +4) [potion of mutation]
124054 | Zot:5    | Lost mutation: You occasionally lose the ability to drink
                  | potions when taking damage. [potion of mutation]
124054 | Zot:5    | Gained mutation: Your flesh is very heat resistant. (rF++)
                  | [potion of mutation]
124054 | Zot:5    | Gained mutation: Your movements are slightly less
                  | encumbered by armour. (ER -2) [potion of mutation]
124055 | Zot:5    | Lost mutation: You have sharp toenails. [potion of
                  | mutation]
124055 | Zot:5    | Lost mutation: Your flesh is very heat resistant. (rF++)
                  | [potion of mutation]
124056 | Zot:5    | Lost mutation: Your flesh is heat resistant. (rF+) [potion
                  | of mutation]
124056 | Zot:5    | Lost mutation: You sometimes lose the ability to read
                  | scrolls when taking damage. [potion of mutation]
124056 | Zot:5    | Lost mutation: You occasionally lose the ability to read
                  | scrolls when taking damage. [potion of mutation]
124056 | Zot:5    | Gained mutation: You are robust. (+10% HP) [potion of
                  | mutation]
124096 | Zot:5    | Noticed an orb of fire
124105 | Zot:5    | Killed an orb of fire
124406 | Zot:5    | Noticed an orb of fire
124412 | Zot:5    | Gained mutation: Armour fits poorly on your strangely
                  | shaped body. [an orb of fire]
124413 | Zot:5    | Killed an orb of fire
124660 | Zot:5    | Noticed a Killer Klown
124667 | Zot:5    | Killed a Killer Klown
124882 | Zot:5    | Noticed an orb of fire
124885 | Zot:5    | Gained mutation: You have hidden genetic defects. [an orb
                  | of fire]
124887 | Zot:5    | Killed an orb of fire
125113 | Zot:5    | Lost mutation: You are robust. (+10% HP) [potion of
                  | mutation]
125113 | Zot:5    | Lost mutation: Armour fits poorly on your strangely shaped
                  | body. [potion of mutation]
125113 | Zot:5    | Gained mutation: You have very sharp teeth. [potion of
                  | mutation]
125114 | Zot:5    | Lost mutation: Your movements are slightly less encumbered
                  | by armour. (ER -2) [potion of mutation]
125114 | Zot:5    | Lost mutation: You have hidden genetic defects. [potion of
                  | mutation]
125114 | Zot:5    | Lost mutation: You have very sharp teeth. [potion of
                  | mutation]
125114 | Zot:5    | Gained mutation: Your body sometimes deteriorates upon
                  | taking damage. [potion of mutation]
125114 | Zot:5    | Gained mutation: Your mind is acute. (Int +4, Str/Dex -1)
                  | [potion of mutation]
125114 | Zot:5    | Gained mutation: You have a pair of small horns on your
                  | head. [potion of mutation]
125114 | Zot:5    | Gained mutation: You are mostly covered in iridescent
                  | scales. (AC +4) [potion of mutation]
125179 | Zot:5    | Noticed a Killer Klown
125183 | Zot:5    | Killed a Killer Klown
125487 | Zot:5    | Noticed an orb of fire
125489 | Zot:5    | Gained mutation: Your body often deteriorates upon taking
                  | damage. [an orb of fire]
125494 | Zot:5    | Killed an orb of fire
125659 | Zot:5    | Noticed a Killer Klown
125664 | Zot:5    | Killed a Killer Klown
125865 | Zot:5    | Noticed an orb of fire
125956 | Zot:5    | Noticed an ancient lich
127002 | Zot:5    | Killed an orb of fire
127630 | Vaults:5 | Entered Level 5 of the Vaults
127637 | Vaults:5 | Noticed a dread lich
128040 | Vaults:5 | Identified the +1 mace of the Middle {flame, Dex+5}
128078 | Vaults:5 | Reached XP level 25. HP: 213/213 MP: 36/56
128215 | Vaults:5 | Identified the +6 long sword of Hell's Wrath {vamp, rF+ rN+
                  | Dex+2}
128224 | Vaults:5 | Identified the +7 plate armour of Blue New Discoveries
                  | {*Corrode rPois Will+++ Int+3}
129389 | Abyss:3  | Cast into level 3 of the Abyss (a deep elf demonologist)
130107 | Vaults:5 | Escaped the Abyss
130631 | Vaults:4 | Killed a dread lich
131483 | Vaults:5 | Identified the +0 robe "Amnumimp" {Dex+6}
131646 | Vaults:5 | Identified the +2 scale mail of the Evening {rPois Dex+6}
131864 | Vaults:5 | Got the Folio of Blight and Interference
131873 | Vaults:5 | Got the Writings on the Dislocated Faeries
132207 | Vaults:5 | Identified the ring "Akegokhli" {Fly rPois Will+ rCorr
                  | Slay+5}
132442 | Vaults:5 | Identified the +1 helmet of Quiet Fog {rF+}
132443 | Vaults:5 | Lost mutation: Your spells are a little harder to cast, but
                  | a little more powerful. [potion of mutation]
132443 | Vaults:5 | Lost mutation: Your mind is acute. (Int +4, Str/Dex -1)
                  | [potion of mutation]
132443 | Vaults:5 | Gained mutation: You have a pair of horns on your head.
                  | [potion of mutation]
132443 | Vaults:5 | Gained mutation: You expend magic power (3 MP) to
                  | strengthen your wands. [potion of mutation]
132489 | Vaults:5 | Got a silver rune of Zot
132746 | Vaults:5 | Got the Quarto of Icy Open Graves
132787 | Vaults:5 | Learned a level 2 spell: Blink
133066 | Vaults:5 | Learned a level 3 spell: Vhi's Electric Charge
133265 | Tomb:1   | Entered Level 1 of the Tomb of the Ancients
133692 | Tomb:1   | Identified the +5 flail "Ymoingoa" {heavy, Str+3 Dex+4}
135103 | Tomb:1   | Noticed a royal mummy
135112 | Tomb:1   | Killed a royal mummy
135439 | Tomb:1   | Noticed a royal mummy
136230 | Tomb:1   | HP: 8/213 [poisoned by an emperor scorpion]
136231 | Tomb:1   | Killed a royal mummy
136915 | Hell     | Entered the Vestibule of Hell
136915 | Hell     | Noticed Geryon
136922 | Hell     | Killed Geryon
137245 | Hell     | Found a gateway to the decaying netherworld of Tartarus.
137302 | Hell     | Found a gateway to the ashen valley of Gehenna.
137580 | Hell     | Found a gateway to the Iron City of Dis.
137771 | Hell     | Found a gateway to the freezing wastes of Cocytus.
138148 | Depths:4 | Voluntarily entered the Abyss.
138499 | Abyss:3  | Noticed a dread lich
138501 | Abyss:3  | Killed a dread lich
138502 | Abyss:3  | Reached XP level 26. HP: 221/221 MP: 47/58
138833 | Abyss:3  | Gained mutation: You are dopey. (Int -2) [a neqoxec]
139032 | Abyss:3  | Paralysed by accursed screaming for 1 turns
139037 | Abyss:3  | Paralysed by accursed screaming for 1 turns
139133 | Abyss:3  | Gained mutation: You are strong-willed. (Will+) [a neqoxec]
139143 | Abyss:3  | Paralysed by accursed screaming for 1 turns
139345 | Abyss:3  | Paralysed by accursed screaming for 1 turns
139351 | Abyss:3  | Paralysed by accursed screaming for 1 turns
139374 | Abyss:3  | Paralysed by accursed screaming for 1 turns
139447 | Depths:4 | Escaped the Abyss
139594 | Depths:4 | Voluntarily entered the Abyss.
139779 | Abyss:3  | Gained mutation: You are weak. (Str -2) [a neqoxec]
139801 | Abyss:3  | Paralysed by accursed screaming for 1 turns
139846 | Abyss:3  | Noticed an ancient lich
139850 | Abyss:3  | Killed an ancient lich
139862 | Abyss:3  | Reached skill level 15 in Evocations
140355 | Abyss:3  | Paralysed by accursed screaming for 1 turns
140532 | Abyss:3  | Gained mutation: You occasionally lose the ability to read
                  | scrolls when taking damage. [a neqoxec]
140870 | Abyss:3  | Paralysed by accursed screaming for 1 turns
140883 | Abyss:3  | Paralysed by accursed screaming for 1 turns
140889 | Abyss:3  | Noticed a dread lich
140935 | Abyss:4  | Killed a dread lich
140936 | Abyss:4  | Reached skill level 15 in Staves
141269 | Abyss:4  | Got an abyssal rune of Zot
141284 | Abyss:4  | HP: 6/221 [oklob plant/splash of acid (12)]
141351 | Abyss:4  | Reached XP level 27. HP: 170/227 MP: 40/58
141434 | Depths:4 | Escaped the Abyss
141874 | D:4      | Bought a potion of mutation for 80 gold pieces
141874 | D:4      | Bought a potion of curing for 30 gold pieces
141874 | D:4      | Bought a potion of curing for 30 gold pieces
141874 | D:4      | Lost mutation: You have a pair of horns on your head.
                  | [potion of mutation]
141874 | D:4      | Lost mutation: You have a pair of small horns on your head.
                  | [potion of mutation]
141874 | D:4      | Lost mutation: You are dopey. (Int -2) [potion of mutation]
142535 | Pan      | Entered Pandemonium
142629 | Pan      | Found an exit through the horrors of the Abyss.
142740 | Pan      | Noticed Tafus the pandemonium lord
142748 | Pan      | Gained mutation: You sometimes lose your temper in combat.
                  | [a cacodemon]
142775 | Pan      | Killed Tafus the pandemonium lord
142797 | Pan      | HP: 3/227 [balrug/+2 demon whip of freezing (12)]
142797 | Pan      | HP: 1/227 [balrug/+2 demon whip of freezing (2)]
143050 | Pan      | Got a demonic rune of Zot
143901 | Pan      | Found an exit through the horrors of the Abyss.
144089 | Pan      | Found a huge runed translucent gate.
144091 | Pan      | Found a huge runed translucent gate.
144091 | Pan      | Found a huge runed translucent gate.
144092 | Pan      | Found a huge runed translucent gate.
144092 | Pan      | Found a huge runed translucent gate.
144766 | Pan      | Found a huge runed translucent gate.
144767 | Pan      | Found a huge runed translucent gate.
144808 | Pan      | Noticed Erefub the pandemonium lord
144814 | Pan      | Killed Erefub the pandemonium lord
144895 | Pan      | Noticed Duege the pandemonium lord
144942 | Pan      | Killed Duege the pandemonium lord
146892 | Pan      | Reached skill level 27 in Spellcasting
147381 | Pan      | Identified the +1 tower shield "Esaecauqen" {Str+4 Dex+3}
149275 | Pan      | Noticed a seraph
150412 | Pan      | Killed a seraph
150533 | Pan      | Identified the +6 shortbow "Ogrebane" {drain, Will+ Str+3
                  | SInv}
150559 | Depths:2 | Escaped Pandemonium
150810 | Orc:2    | Bought a potion of ambrosia for 136 gold pieces
150810 | Orc:2    | Bought a potion of resistance for 170 gold pieces
150810 | Orc:2    | Bought a potion of haste for 170 gold pieces
150810 | Orc:2    | Bought a potion of magic for 136 gold pieces
150810 | Orc:2    | Bought a potion of heal wounds for 85 gold pieces
150810 | Orc:2    | Bought a potion of heal wounds for 85 gold pieces
150812 | Orc:2    | Bought a wand of paralysis (7) for 487 gold pieces
150813 | Orc:2    | Bought a faintly glowing dagger for 210 gold pieces
150813 | Orc:2    | Identified the +8 dagger of Past Mistakes {freeze, *Noise
                  | Str+3 Int+3 Stlth+} (You bought it in a shop on level 2 of
                  | the Orcish Mines)
150813 | Orc:2    | Bought a transparent falchion for 240 gold pieces
150813 | Orc:2    | Identified the +8 falchion of Disgust {flame, rElec rF+
                  | Str+3} (You bought it in a shop on level 2 of the Orcish
                  | Mines)
150814 | Orc:2    | Bought a potion of lignification for 87 gold pieces
150814 | Orc:2    | Bought a scroll of magic mapping for 217 gold pieces
150814 | Orc:2    | Bought a scroll of silence for 275 gold pieces
150967 | Snake:1  | Bought 2 potions of invisibility for 224 gold pieces
150967 | Snake:1  | Bought a potion of lignification for 42 gold pieces
150967 | Snake:1  | Bought a potion of invisibility for 112 gold pieces
151029 | Lair:1   | Killed Juwk's ghost
151217 | D:7      | Bought a potion of cancellation for 208 gold pieces
151217 | D:7      | Bought a potion of lignification for 78 gold pieces
151217 | D:7      | Bought a potion of curing for 78 gold pieces
151276 | D:4      | Bought a potion of lignification for 60 gold pieces
151276 | D:4      | Bought 2 potions of curing for 120 gold pieces
151276 | D:4      | Bought a tin of tremorstones (2/2) for 800 gold pieces
151276 | D:4      | Bought a potion of heal wounds for 100 gold pieces
151276 | D:4      | Bought a translucent dire flail for 180 gold pieces
151276 | D:4      | Identified the +3 dire flail of Bighacwo {elec, *Noise Fly
                  | rN+ Str+3} (You bought it in a shop on level 4 of the
                  | Dungeon)
152070 | Pan      | Entered Pandemonium
152600 | Pan      | Noticed Xeut the pandemonium lord
152619 | Pan      | Killed Xeut the pandemonium lord
153387 | Pan      | Identified the +0 buckler "Agriekh" {Str+4}
153720 | Pan      | Reached skill level 27 in Conjurations
153812 | Pan      | Noticed Moegoa the pandemonium lord
153830 | Pan      | Killed Moegoa the pandemonium lord
153885 | Pan      | Identified the ring of Inafuyt {*Corrode +Blink rPois
                  | Will+}
154269 | Pan      | Lost mutation: You are weak. (Str -2) [potion of mutation]
154269 | Pan      | Lost mutation: You are mostly covered in iridescent scales.
                  | (AC +4) [potion of mutation]
154269 | Pan      | Lost mutation: Your body often deteriorates upon taking
                  | damage. [potion of mutation]
154269 | Pan      | Gained mutation: Your muscles are strong. (Str +4, Int/Dex
                  | -1) [potion of mutation]
154405 | Pan      | Noticed Mennas
154422 | Pan      | Killed Mennas
154494 | Pan      | Found an exit through the horrors of the Abyss.
155267 | Pan      | Noticed Matont the pandemonium lord
155276 | Pan      | Killed Matont the pandemonium lord
156024 | Pan      | Noticed Ene Yff the pandemonium lord
156031 | Pan      | Killed Ene Yff the pandemonium lord
156232 | Pan      | Lost mutation: You expend magic power (3 MP) to strengthen
                  | your wands. [potion of mutation]
156232 | Pan      | Lost mutation: You occasionally lose the ability to read
                  | scrolls when taking damage. [potion of mutation]
156232 | Pan      | Gained mutation: You are highly strong-willed. (Will++)
                  | [potion of mutation]
156232 | Pan      | Gained mutation: You have a pair of small horns on your
                  | head. [potion of mutation]
156232 | Pan      | Gained mutation: You are somewhat resistant to further
                  | mutation. [potion of mutation]
156490 | Pan      | Got the Verses on Changing Anathema
157111 | Pan      | Noticed Cojougog the pandemonium lord
157126 | Pan      | Killed Cojougog the pandemonium lord
157611 | Pan      | Entered the realm of Gloorx Vloq.
157661 | Pan      | Found an exit through the horrors of the Abyss.
158650 | Pan      | Noticed Gloorx Vloq
158679 | Pan      | Killed Gloorx Vloq
158739 | Pan      | Got a dark rune of Zot
159054 | Pan      | Acquired a book of Alchemy
160016 | Pan      | Noticed Mogrug the pandemonium lord
160020 | Pan      | Killed Mogrug the pandemonium lord
160640 | Pan      | Noticed Ohoewnea the pandemonium lord
160645 | Pan      | Killed Ohoewnea the pandemonium lord
160664 | Pan      | Identified the +5 ring mail "Eppickaxt" {Rampage rPois rF-
                  | Dex+4}
161282 | Pan      | Found an exit through the horrors of the Abyss.
161498 | Pan      | Lost mutation: You have a pair of small horns on your head.
                  | [potion of mutation]
161498 | Pan      | Lost mutation: Your body sometimes deteriorates upon taking
                  | damage. [potion of mutation]
161498 | Pan      | Lost mutation: You sometimes lose your temper in combat.
                  | [potion of mutation]
161498 | Pan      | Gained mutation: Your muscles are very strong. (Str +8,
                  | Int/Dex -2) [potion of mutation]
161928 | Pan      | Noticed Tirphel the pandemonium lord
161946 | Pan      | Killed Tirphel the pandemonium lord
162037 | Pan      | Identified the +7 long sword of Instant Death {venom, Str+3
                  | Int+5 Stlth+}
162843 | Pan      | Entered the realm of Lom Lobon.
163416 | Pan      | Noticed Lom Lobon
163425 | Pan      | Killed Lom Lobon
163565 | Pan      | Got a magical rune of Zot
164086 | Pan      | Entered the realm of Mnoleg.
164460 | Pan      | Gained mutation: You sometimes lose your temper in combat.
                  | [a cacodemon]
164672 | Pan      | Gained mutation: You occasionally lose the ability to read
                  | scrolls when taking damage. [a neqoxec]
164715 | Pan      | Noticed Mnoleg
164726 | Pan      | Killed Mnoleg
164770 | Pan      | Got a glowing rune of Zot
165232 | Pan      | Found an exit through the horrors of the Abyss.
165470 | Pan      | Noticed Udwude the pandemonium lord
165492 | Pan      | Killed Udwude the pandemonium lord
166912 | Pan      | Found an exit through the horrors of the Abyss.
167015 | Pan      | Found a huge runed translucent gate.
167017 | Pan      | Found a huge runed translucent gate.
167018 | Pan      | Found a huge runed translucent gate.
167019 | Pan      | Found a huge runed translucent gate.
167261 | Pan      | Found a huge runed translucent gate.
167261 | Pan      | Found a huge runed translucent gate.
167261 | Pan      | Found a huge runed translucent gate.
167267 | Pan      | Noticed Xaeq the pandemonium lord
167294 | Pan      | Killed Xaeq the pandemonium lord
167523 | Pan      | Entered the realm of Cerebov.
168044 | Pan      | Found an exit through the horrors of the Abyss.
168259 | Pan      | Learned a level 8 spell: Lehudib's Crystal Spear
168265 | Pan      | Learned a level 5 spell: Irradiate
168791 | Pan      | Identified the staff of air "Bipevuff" {rElec rF+ Int+3}
168874 | Pan      | Got Sif Muna's Quarto of Sciomancy and Fire
168878 | Pan      | Identified the +7 long sword "Newtbane" {freeze, Fly Will-
                  | Str+2 Dex+2}
168970 | Pan      | Identified the ring of Vetzolawn {rC+ Will+ Str-2 Dex+3}
169430 | Pan      | Found the +6 sword of Cerebov {flame}
169430 | Pan      | Noticed Cerebov
169473 | Pan      | Killed Cerebov
169669 | Pan      | Got a fiery rune of Zot
170004 | Pan      | Noticed Notumuff the pandemonium lord
170008 | Pan      | Killed Notumuff the pandemonium lord
170248 | Pan      | Identified the +1 scale mail "Guadot" {Str+3 Int+2}
170260 | Pan      | Identified the +0 long sword of Indomitability {spect,
                  | Fragile MP+9 Dex+8}
170425 | Pan      | Identified the +3 great sword of Dividends {heavy, rElec
                  | rF+ Int+3 Dex+2}
170559 | Pan      | Found an exit through the horrors of the Abyss.
171234 | Pan      | Noticed Yfuneedaih the pandemonium lord
171239 | Pan      | Killed Yfuneedaih the pandemonium lord
171304 | Pan      | Identified the +1 pair of boots "Ezog" {rN+ Dex+3 Slay+2}
171496 | Pan      | Found an exit through the horrors of the Abyss.
171695 | Pan      | Noticed Holer the pandemonium lord
171700 | Pan      | Killed Holer the pandemonium lord
173232 | Pan      | Noticed Veontaid the pandemonium lord
173238 | Pan      | Killed Veontaid the pandemonium lord
173527 | Pan      | Found an exit through the horrors of the Abyss.
174360 | Pan      | Found an exit through the horrors of the Abyss.
174369 | Pan      | Took an exit into the Abyss.
174369 | Abyss:4  | Escaped into the Abyss
174548 | Depths:2 | Escaped the Abyss
175658 | Coc:1    | Entered Level 1 of Cocytus
177178 | Coc:5    | Paralysed by a wendigo for 1 turns
177181 | Coc:5    | Paralysed by a wendigo for 1 turns
178094 | Coc:7    | Entered Level 7 of Cocytus
178830 | Coc:7    | Paralysed by a wendigo for 1 turns
179381 | Coc:7    | Paralysed by a wendigo for 1 turns
179445 | Coc:7    | Paralysed by a wendigo for 1 turns
179478 | Coc:7    | Paralysed by a wendigo for 1 turns
179891 | Coc:7    | Paralysed by a wendigo for 1 turns
179894 | Coc:7    | Paralysed by a wendigo for 1 turns
180117 | Coc:7    | Paralysed by a wendigo for 1 turns
181794 | Coc:7    | Identified the ring "Buustrye" {rPois Dex+2}
181799 | Coc:7    | Identified the +8 plate armour of Truth {Rampage *Slow
                  | rPois}
182844 | Coc:7    | Noticed Antaeus
182874 | Coc:7    | Killed Antaeus
182927 | Coc:7    | Got an icy rune of Zot
183094 | Hell     | Upgraded the game from 0.30.0-29-ga12c61a403 to
                  | 0.30.0-30-g96aa6591b8
183098 | Tar:1    | Entered Level 1 of Tartarus
183152 | Tar:1    | Noticed a dread lich
183153 | Tar:1    | Paralysed by a dread lich for 2 turns
183156 | Tar:1    | Killed a dread lich
183165 | Tar:1    | Noticed a dread lich
183170 | Tar:1    | Killed a dread lich
183186 | Tar:1    | Noticed an ancient lich
183190 | Tar:1    | Killed an ancient lich
183192 | Tar:1    | Noticed a dread lich
183195 | Tar:1    | Killed a dread lich
183252 | Tar:1    | Noticed a dread lich
183256 | Tar:1    | Noticed an ancient lich
183258 | Tar:1    | Killed a dread lich
183259 | Tar:1    | Noticed an ancient lich
183262 | Tar:1    | Killed an ancient lich
183283 | Tar:1    | Killed an ancient lich
183362 | Tar:1    | Noticed a dread lich
183369 | Tar:1    | Killed a dread lich
183871 | Tar:3    | Noticed an ancient lich
183875 | Tar:3    | Killed an ancient lich
185474 | Tar:7    | Entered Level 7 of Tartarus
187762 | Tar:7    | Identified the staff of earth "Ysesh" {*Corrode rF++
                  | Stlth+}
187932 | Tar:7    | Noticed a dread lich
187935 | Tar:7    | Paralysed by a dread lich for 3 turns
187935 | Tar:7    | Killed a dread lich
188295 | Tar:7    | Identified the +8 battleaxe of Caengun {spect, *Rage rC+
                  | rN+ Int+7}
189981 | Tar:7    | Identified the amulet "Boisiops" {Acrobat rPois rC+ Slay+3}
189986 | Tar:7    | Identified the staff of earth "Doiluhi" {rElec rPois rC-
                  | Int+4}
189989 | Tar:7    | Identified the +7 hand axe of Integrity {flame, Str+2 Int+8
                  | Dex+2}
190306 | Tar:7    | Noticed a dread lich
190309 | Tar:7    | Killed a dread lich
190427 | Tar:7    | Identified the +0 chain mail "Roehegho" {Str-2 Dex+6}
190429 | Tar:7    | Got the Catalogue of Cankerous Attacks
190434 | Tar:7    | Identified the +6 battleaxe "Hauh" {flame, Dex+3}
190435 | Tar:7    | Identified the amulet "Toisin" {Faith *Corrode rPois Dex+8}
190606 | Tar:7    | Noticed an ancient lich
190610 | Tar:7    | Killed an ancient lich
190685 | Tar:7    | Noticed a dread lich
190688 | Tar:7    | Killed a dread lich
191760 | Tar:7    | Noticed Ereshkigal
191765 | Tar:7    | Paralysed by Ereshkigal for 2 turns
191788 | Tar:7    | Killed Ereshkigal
192003 | Tar:7    | Identified the ring of Diafol {rN+ Dex+7}
192047 | Tar:7    | Got a bone rune of Zot
192214 | Dis:1    | Entered Level 1 of the Iron City of Dis
193025 | Dis:3    | Found a huge runed gate.
193025 | Dis:3    | Found a huge runed gate.
193025 | Dis:3    | Found a huge runed gate.
193025 | Dis:3    | Found a huge runed gate.
193026 | Dis:3    | Found a huge runed gate.
193026 | Dis:3    | Found a huge runed gate.
193027 | Dis:3    | Found a huge runed gate.
193027 | Dis:3    | Found a huge runed gate.
193028 | Dis:3    | Found a huge runed gate.
193029 | Dis:3    | Found a huge runed gate.
193030 | Dis:3    | Found a huge runed gate.
193031 | Dis:3    | Found a huge runed gate.
193032 | Dis:3    | Found a huge runed gate.
193033 | Dis:3    | Found a huge runed gate.
193034 | Dis:3    | Found a huge runed gate.
193048 | Dis:3    | Found a huge runed gate.
193048 | Dis:3    | Found a huge runed gate.
193048 | Dis:3    | Found a huge runed gate.
193048 | Dis:3    | Found a huge runed gate.
193048 | Dis:3    | Found a huge runed gate.
193048 | Dis:3    | Found a huge runed gate.
193049 | Dis:3    | Found a huge runed gate.
193050 | Dis:3    | Found a huge runed gate.
193051 | Dis:3    | Found a huge runed gate.
193071 | Dis:3    | Found a huge runed gate.
193071 | Dis:3    | Found a huge runed gate.
193071 | Dis:3    | Found a huge runed gate.
193071 | Dis:3    | Found a huge runed gate.
193071 | Dis:3    | Found a huge runed gate.
193071 | Dis:3    | Found a huge runed gate.
193072 | Dis:3    | Found a huge runed gate.
193073 | Dis:3    | Found a huge runed gate.
193074 | Dis:3    | Found a huge runed gate.
193082 | Dis:3    | Found a huge runed gate.
193082 | Dis:3    | Found a huge runed gate.
193082 | Dis:3    | Found a huge runed gate.
193498 | Dis:5    | Upgraded the game from 0.30.0-30-g96aa6591b8 to 0.30.1
193501 | Dis:5    | HP: 9/260 [caustic shrike (19)]
193501 | Dis:5    | Killed from afar by an iron giant

Illustrated notes

Levels and vault maps discovered:
D:1:      spicycebolla_arrival_xxxplode, layout_basic
D:2:      layout_loops_ring, basic_altar, uniq_natasha
D:3:      layout_basic
D:4:      minmay_razor_zed, layout_basic, mainiacjoe_overflow_cross_hatched,
          minmay_temple_entry_enclosed_plants, serial_shops,
          nicolae_shop_hallway_stairs, nicolae_shop_overgrown_old_shop,
          amcnicky_mini_pool_small, uniq_eustachio, uniq_pikel,
          uniq_blork_the_orc, uniq_crazy_yiuf_cottage, uniq_edmund
D:5:      layout_basic, nicolae_hepliaklqana_monster_ancestors,
          minmay_curled_crystal, grunt_decor_cap, uniq_grinder
D:6:      layout_loops_ring, grunt_ministairs_15, kennysheep_nondescript
D:7:      layout_rooms, nicolae_overflow_crystal_walls,
          trog_three_pillars_becter, serial_shops, kennysheep_mini,
          minmay_chambers_of_fives
D:8:      layout_cave_pods, mainiacjoe_overflow_alcove_3, uniq_prince_ribbit1
D:9:      layout_cross, serial_rivers, chequers_serial_rivers_room_b,
          chequers_serial_rivers_marsh, chequers_serial_rivers_room_a,
          chequers_serial_rivers_small_b, chequers_serial_rivers_micro_c,
          chequers_serial_rivers_micro_b
D:10:     layout_roguey [special_room_orc], grunt_lair_entry_orc_guard_hut,
          orc_0_dummy
D:11:     layout_roguey, nzn_sisyphean_effort
D:12:     layout_loops_corners, serial_rivers, chequers_serial_rivers_small_a,
          chequers_serial_rivers_room_b, chequers_serial_rivers_room_b,
          chequers_serial_rivers_micro_b, chequers_serial_rivers_micro_c,
          pdpol_wu_jian_five_deadly_venoms, uniq_urug
D:13:     layout_roguey, ximxim_vaults_locker_room
D:14:     layout_basic, ebering_ghost_disaster_area, nicolae_titane, uniq_kirke,
          uniq_rupert
D:15:     hangedman_depths_entry_try_elsewhere_first, layout_basic,
          nicolae_twisting_strands
Temple:   nicolae_temple_ecumenical_triangle
Lair:1:   layout_roguey, gammafunk_ghost_icy, beast_lair_carwin_3
Lair:2:   layout_loops_ring, guppyfry_snake_entry_island, grunt_megastairs_4,
          serial_bayou_shore_b, lemuel_fruit_tree
Lair:3:   layout_layer_cave, minmay_shoals_entry_centaurs, uniq_nessos,
          uniq_fannar
Lair:4:   layout_cave_pods, chequers_serial_rivers_small_b, grunt_megastairs_2
Lair:5:   minmay_lair_end_frog_pond, layout_misc_corridors, slime_entry_2
Shoals:1: layout_shoals, serial_nicolae_subway, nicolae_sub_station_crystal,
          nicolae_sub_station_stone, nicolae_sub_station_metal
Shoals:2: layout_shoals, portal_ice_cave_entry_ice_statue_two, serial_shops,
          shop_statue
Shoals:3: layout_shoals, serial_shops, shop, nicolae_shoals_this_corrosion
Shoals:4: shoals_end_grunt_garden, layout_shoals, shoals_ilsuiw_alternative,
          uniq_mlioglotl
Snake:1:  layout_gridlike, serial_shops, nicolae_shop_advertising_works
          [nicolae_subvault_shop_adworks], nicolae_snake_salamander_jacuzzi
Snake:2:  layout_cave_town, st_stairs_4, hangedman_snake_pattern,
          grunt_ministairs_10, nicolae_shop_dragon_depot,
          nicolae_snake_scaly_snakehead, uniq_louise, uniq_aizul, uniq_agnes
Snake:3:  layout_rooms, nicolae_snake_double_loop, grunt_megastairs_3
Snake:4:  minmay_snake_end_coiled, layout_cave_town
Slime:1:  layout_caves
Slime:2:  cheibrodos_slime_lost_civilization_2, layout_caves,
          nicolae_slime_rock_hall_of_fame
Slime:3:  layout_caves, basic_altar
Slime:4:  layout_caves
Slime:5
Orc:1:    layout_diamond_mine, serial_shops, nicolae_shop_tiny_waterfront
Orc:2:    st_orc_mages, layout_caves, serial_shops, shop
Elf:1:    minmay_elf_arrival_circle, layout_loops_ring, minmay_elf_annihilation,
          lemuel_upstairs_altar
Elf:2:    elven_hall_of_blades_hangedman_alternative
          [nicolae_blade_entry_diamond_columns], layout_geoelf_diagonals,
          portal_desolation_entry_ruin, serial_shops, bzr_in_the_mist
Elf:3:    minmay_elf_hall_furrowed, layout_geoelf_octagon
Vaults:1: nicolae_vaults_tetromino_T_2, nicolae_vaults_mitosis,
          vaults_room_hallway, nicolae_vaults_sightless_eye,
          ontoclasm_vaults_claustrophobia, nicolae_vaults_octothorpe, v_rooms_4,
          nicolae_vaults_statue_guard, nicolae_vaults_closet_pinwheel_2,
          nicolae_vaults_stepped_doors, nicolae_vaults_tetromino_L_1,
          layout_vaults_omnicross, serial_shops, nicolae_shop_real_fake_doors
Vaults:2: gammafunk_ghost_abyssal_escape, minmay_crypt_entry_skeletal_spiral,
          nicolae_vaults_surprise_closet, v_misc_4, v_misc_17,
          hangedman_vaults_restitches, grunt_vaults_funnel,
          layout_vaults_chaotic_city, serial_shops, shop
Vaults:3: nicolae_vaults_more_shelving_1, vaults_room_fancy_cross,
          nicolae_vaults_apartment_1, nicolae_vaults_trapezoid_layered,
          nicolae_vaults_shelves_hall, v_pattern_2, nicolae_vaults_wrenched,
          nicolae_vaults_heart-shaped_vault, ontoclasm_vaults_misaligned,
          vaults_room_pool, nicolae_vaults_specimen_jars,
          layout_vaults_omnigrid, serial_shops, shop
Vaults:4: door_vault, nicolae_vaults_variable_pillar_hall,
          nicolae_vaults_tetromino_L_1, nicolae_vaults_network_quincunx
          [nicolae_vaults_network_quincunx_subvault,
          nicolae_vaults_network_quincunx_subvault,
          nicolae_vaults_network_quincunx_subvault,
          nicolae_vaults_network_quincunx_subvault,
          nicolae_vaults_network_quincunx_subvault], ontoclasm_vaults_ligature,
          vaults_room_corners, nicolae_vaults_offset_grid_hallway_1,
          v_pattern_1, vaults_room_semicircle, dpeg_vaults_monster_box,
          nicolae_vaults_oval_intersection, layout_vaults_omnibox
Vaults:5
Crypt:1:  layout_chaotic_city, gammafunk_ghost_door_vault, basic_altar,
          grunt_megastairs_5, grunt_crypt_arrival_webbed, uniq_sojobo, uniq_vv
Crypt:2:  layout_misc_corridors
Crypt:3:  lightli_unholy_cathedral, layout_chaotic_city, grunt_megastairs_1
Tomb:1
Depths:1: layout_forbidden_donut, nicolae_hell_entry_hellmouth_sunbeams,
          minmay_strange_pillars, serial_sigils_hangedman_confine,
          grunt_ministairs_5, fedhas_altar_fruit_tree, uniq_nikola
Depths:2: grunt_bruiser_brothers, layout_cave_pools, serial_shops, shop,
          grunt_hell_entry_dis_grunt, chequers_serial_rivers_small_a,
          nicolae_abyss_entry_one_way_or_another, pan_entry, grunt_ministairs_5,
          uniq_josephina
Depths:3: nooodl_glass_maze, layout_cave_shapes, enter_ziggurat_f,
          minmay_misc_feat_square, abyss_entry, hell_entry, doesnt_xom_only_xom,
          minmay_shop_star, infiniplex_staircase_zigzag_1
Depths:4: evilmike_zot_entry_basic, layout_honeycomb, grunt_gozag_breadcrumbs,
          pf_dread_powers_of_hell, abyss_entry, tso_metal_star, minmay_shoptagon
Hell
Dis:1:    layout_subdivisions
Dis:2:    layout_gridville
Dis:3:    layout_subdivisions, door_vault
Dis:4:    layout_regular_city, evilmike_ambush [evilmike_ambush_outer_basic,
          evilmike_ambush_inner_pond]
Dis:5:    layout_jigsaw
Coc:1:    layout_ice_bergs
Coc:2:    layout_cocytus_delve
Coc:3:    layout_ice_bergs
Coc:4:    layout_cocytus_water_paths
Coc:5:    layout_ice_bergs
Coc:6:    layout_ice_bergs
Coc:7:    coc_hangedman
Tar:1:    layout_cathedral_of_symmetry, nicolae_hells_leichenhalle
Tar:2:    layout_grid_maze, lemuel_nasty_fountain
Tar:3:    layout_grid_maze
Tar:4:    layout_grid_maze, nicolae_tar_cuneiform_sun,
          nicolae_hells_seeping_fissure
Tar:5:    layout_cathedral_of_symmetry
Tar:6:    layout_catacombs, nicolae_tar_cuneiform_sun
Tar:7:    tar_grunt_cathedral
Zot:1:    layout_gridlike
Zot:2:    layout_basic, st_stairs_9, hangedman_hellfire_club, uniq_tiamat
Zot:3:    layout_concentric_octagons
Zot:4:    layout_onion
Zot:5:    layout_cellular_growth

Skill      XL: |  1  2  3  4  5  6  7  8  9 10 11 12 13 14 15 16 17 18 19 20 21 22 23 24 25 26 27 |
---------------+----------------------------------------------------------------------------------+-----
Spellcasting   | 2 3 5 6 9 12 15 18 19 21 22 24 27 | 27.0
Dodging        | 2 3 4 8 10 12 15 21 | 21.0
Stealth        | 2 3 |  3.0
Fighting       | 1 3 6 9 12 15 23 | 23.9
Conjurations   | 4 5 6 9 12 15 16 18 21 23 24 27 | 27.0
Short Blades   | 1 |  1.0
Staves         | 1 7 9 12 15 18 | 18.0
Unarmed Combat | 1 |  1.0
Shields        | 2 6 10 12 14 15 21 | 21.0
Evocations     | 6 9 10 12 15 21 | 21.0
Armour         | 3 6 12 15 21 | 21.0

Action                     |  1- 3 |  4- 6 |  7- 9 | 10-12 | 13-15 | 16-18 | 19-21 | 22-24 | 25-27 || total
---------------------------+-------+-------+-------+-------+-------+-------+-------+-------+-------++-------
  Melee: Unarmed           |     1 |       |       |       |       |       |       |       |       ||     1
         Dagger            |       |     6 |    13 |    52 |       |       |       |       |       ||    71
         Punch             |       |     1 |       |     4 |       |       |       |       |       ||     5
         Staff             |       |       |       |     4 |    61 |   200 |   721 |   228 |   952 ||  2166
         Short sword       |       |       |       |     9 |    12 |       |       |       |       ||    21
         Headbutt          |       |       |       |       |       |       |       |     1 |   139 ||   140
  Throw: Dart              |       |     1 |     1 |       |     5 |       |       |       |     2 ||     9
         Throwing net      |       |       |       |     1 |       |     1 |     1 |       |     2 ||     5
   Cast: Magic Dart        |    69 |    27 |     7 |     1 |    18 |       |       |     2 |     1 ||   125
         Searing Ray       |     1 |    29 |    51 |     2 |       |       |       |       |       ||    83
         Stone Arrow       |       |       |    59 |   141 |   100 |     2 |     1 |       |       ||   303
         Static Discharge  |       |       |    15 |    25 |     7 |     3 |     1 |       |       ||    51
         Hailstorm         |       |       |     5 |   150 |   314 |       |       |       |       ||   469
         Iskenderun's Myst |       |       |       |    51 |   137 |    64 |   145 |    85 |   159 ||   641
         Flame Wave        |       |       |       |       |    73 |    45 |       |       |       ||   118
         Sticky Flame      |       |       |       |       |    35 |     5 |       |       |     2 ||    42
         Fulminant Prism   |       |       |       |       |    24 |    29 |     8 |    11 |    52 ||   124
         Orb of Destructio |       |       |       |       |       |   552 |   703 |   705 |  2650 ||  4610
         Iron Shot         |       |       |       |       |       |       |    27 |    56 |   875 ||   958
         Lehudib's Crystal |       |       |       |       |       |       |       |       |   143 ||   143
         Blink             |       |       |       |       |       |       |       |       |    13 ||    13
         Irradiate         |       |       |       |       |       |       |       |       |    10 ||    10
         Vhi's Electric Ch |       |       |       |       |       |       |       |       |     1 ||     1
Ability: Evoke Blink       |       |       |       |       |       |     3 |     7 |     4 |    37 ||    51
  Evoke: Wand              |       |     1 |     8 |     6 |    26 |     1 |     1 |    14 |    61 ||   118
         Lightning rod     |       |       |       |       |       |     2 |       |     8 |       ||    10
         Phial of floods   |       |       |       |       |       |     1 |       |       |       ||     1
         Box of beasts     |       |       |       |       |       |       |       |     3 |     6 ||     9
         Phantom mirror    |       |       |       |       |       |       |       |     1 |     2 ||     3
         Horn of Geryon    |       |       |       |       |       |       |       |       |     4 ||     4
         Tin of tremorston |       |       |       |       |       |       |       |       |     1 ||     1
    Use: Potion            |     1 |       |     1 |       |    22 |     8 |    11 |    41 |    55 ||   139
         Scroll            |     5 |     8 |     8 |     9 |    19 |     7 |     9 |    13 |    27 ||   105
   Stab: Paralysed         |       |       |       |       |     5 |     4 |       |       |     3 ||    12
         Distracted        |       |       |       |       |       |     1 |       |       |       ||     1
         Petrified         |       |       |       |       |       |       |       |       |     4 ||     4
         Petrifying        |       |       |       |       |       |       |       |       |     1 ||     1
 Armour: Robe              |     5 |     6 |    14 |     2 |       |       |    53 |   173 |   459 ||   712
         Acid dragon scale |       |       |       |    38 |   132 |   140 |   112 |       |       ||   422
         Ring mail         |       |       |       |    28 |    84 |       |       |       |       ||   112
         Scale mail        |       |       |       |       |       |       |   115 |       |       ||   115
         Skin              |       |       |       |       |       |       |       |       |    63 ||    63
         Crystal plate arm |       |       |       |       |       |       |       |       |   168 ||   168
  Dodge: Dodged            |     9 |     5 |    47 |   104 |   330 |   442 |   468 |   218 |   784 ||  2407
  Block: Buckler           |       |       |       |       |    69 |   103 |    25 |       |       ||   197
         Kite shield       |       |       |       |       |       |       |   574 |   221 |   641 ||  1436
         Tower shield      |       |       |       |       |       |       |       |       |   707 ||   707
         Reflection        |       |       |       |       |       |       |       |       |     8 ||     8
